Workbook

Sheet Minas
G2: PLAN OPERATIVO ANUAL 2.025
G3: Dirección / Unidad: | O3: Obras Públicas
G4: Periodo de ejecución: | O4: Enero -Diciembre
A6: Objetivos de Desarrollo Sostenible | B6: Construir infraestructuras resilientes, promover la industrialización inclusiva y sostenible, y fomentar la industrialización.
A7: Objetivos Nacionales: | B7: Impulsar la conectividad como fuente de desarrollo y crecimiento económico y sostenible
A8: Objetivos Provinciales: | B8: Impulsar la inversión en infraestructura de equipamiento, conectividad y telecomunicaciones a nivel rural de la provincia que permitan consolidar un territorio inclusivo, resiliente y seguro.
A9: Objetivos en GPR | B9: Incrementar la calidad y la cobertura de la red vial
A10: Proyecto | B10: Gestión de los libres aprovechamientos del GAD Provincial
A11: Propósito / Objetivo | B11: Mejorar la conectividad, movilidad y el acceso a las comunidades rurales, a través del mantenimiento vial en lastre, para la comercialización de los productos de la zona rural de la Provincia
A12: Resultado 1 / Componente 1 | B12: Indicadores de Gestión Institucional | C12: Método de Cálculo | K12: Meta trimestral
K13: 1 | L13: 2 | M13: 3 | N13: 4
A14: Material explotado en los libres aprovechamientos | B14: m3 de material explotado de los libres aprovechamientos | C14: Sumatoria del volumen de material explotado en los libres aprovechamientos | K14: 24000 | L14: 27000 | M14: 30000 | N14: 30000
B15: Actividades | C15: Cronograma | O15: Valor Asignado | P15: I Reforma | Q15: II Reforma | R15: III Reforma | S15: IV Reforma | T15: V Reforma | U15: VI Reforma | V15: VII Reforma | W15: VIII Reforma | X15: Total | Y15: Partida Presupuestaria
C16: E | D16: F | E16: M | F16: A | G16: M | H16: J | I16: J | J16: A | K16: S | L16: O | M16: N | N16: D | Y16: Código | Z16: Denominación
A17: 1 | B17: Elaboración de cronograma de intervención por áreas mineras en la provincia | O17: 0 | X17: =SUM(O17:W17) -> 0
A18: 2 | B18: Minado y clasificación de materiales con maquinaria del GAD Provincial | O18: 0 | X18: =SUM(O18:W18) -> 0
A19: 3 | B19: Cargada de material con maquinaria del GAD Provincial | O19: 0 | X19: =SUM(O19:W19) -> 0
A20: 4 | B20: Supervisión de la explotación de los libres aprovechamientos del GAD Provincial | O20: 0 | X20: =SUM(O20:W20) -> 0
A21: 5 | B21: Elaboración de informes de producción de las áreas mineras del GADPSDT primer semestre 2.025 | O21: 0 | X21: =SUM(O21:W21) -> 0
A22: 6 | B22: Elaboración de informes de producción de las áreas mineras del GADPSDT segundo semestre 2.025 | O22: 0 | X22: =SUM(O22:W22) -> 0
A23: 7 | B23: Pago de la contratación de auditorías mineras a los libres aprovechamientos, segundo semestre 2.024 | O23: 5900 | X23: =SUM(O23:W23) -> 5900 | Y23: 42.73.06.02 | Z23: Servicios de Auditoría
A24: 8 | B24: Contratación de auditorías mineras a los libres aprovechamientos, primer semestre 2.025 | O24: 8550 | V24: -2656.43 | X24: =SUM(O24:W24) -> 5893.57 | Y24: 42.73.06.02 | Z24: Servicios de Auditoría
A25: 9 | B25: Contratación de auditorías mineras a los libres aprovechamientos, segundo semestre 2.025 | O25: 8550 | X25: =SUM(O25:W25) -> 8550 | Y25: 42.73.06.02 | Z25: Servicios de Auditoría
A26: 10 | B26: Adquisición de una camioneta 4x4 doble cabina | Q26: 30000 | X26: =SUM(O26:W26) -> 30000 | Y26: 42.84.01.05 | Z26: Vehículos
A27: 11 | B27: Contratación de mantenimiento por vigencia tecnológica de una camioneta 4x4 doble cabina | Q27: 1000 | X27: =SUM(O27:W27) -> 1000 | Y27: 42.73.08.03 | Z27: Lubricantes
Q28: 1500 | X28: =SUM(O28:W28) -> 1500 | Y28: 42.73.04.05 | Z28: Vehículos (servicio para mantenimiento y reparación)
Q29: 1750 | X29: =SUM(O29:W29) -> 1750 | Y29: 42.73.08.13 | Z29: Repuestos y Accesorios
A30: 12 | B30: Contratación de seguro para camioneta | Q30: 2125 | X30: =SUM(O30:W30) -> 2125 | Y30: 42.77.02.01 | Z30: Seguros
A31: 13 | B31: Adquisición de block para guías de remisión para el despacho del material pétreo de las minas del GAD Provincial | Q31: 6000 | V31: -5000 | X31: =SUM(O31:W31) -> 1000 | Y31: 42.73.08.07 | Z31: Materiales de impresión, fotografía, reproducción y publicaciones.
A32: 14 | B32: Actividades varias | X32: =SUM(O32:W32) -> 0
A33: 15 | B33: Adquisición de materiales de oficina | V33: 1000 | X33: =SUM(O33:W33) -> 1000 | Y33: 42.73.08.04 | Z33: Materiales de oficina
A34: 16 | B34: Adquisición de tóners y unidad de imagen | V34: 1200 | X34: =SUM(O34:W34) -> 1200 | Y34: 42.73.08.04 | Z34: Materiales de oficina
A35: 17 | B35: Adquisición de una computadora | V35: 1400 | X35: =SUM(O35:W35) -> 1400 | Y35: 42.84.01.07 | Z35: Equipos, sistemas y paquetes informáticos
B36: TOTAL | O36: =SUM(O17:O35) -> 23000 | P36: =SUM(P17:P35) -> 0 | Q36: =SUM(Q17:Q35) -> 42375 | R36: =SUM(R17:R35) -> 0 | S36: =SUM(S17:S35) -> 0 | T36: =SUM(T17:T35) -> 0 | U36: =SUM(U17:U35) -> 0 | V36: =SUM(V17:V35) -> -4056.43 | ... X36: =SUM(X17:X35) -> 61318.57

Sheet Contingencia 
G2: PLAN OPERATIVO ANUAL 2.024
G3: Dirección / Unidad: | O3: Obras Públicas
G4: Periodo de ejecución: | O4: Enero -Diciembre
A6: Objetivos de Desarrollo Sostenible | B6: Construir infraestructuras resilientes, promover la industrialización inclusiva y sostenible, y fomentar la industrialización.
A7: Objetivos Nacionales: | B7: Impulsar la productividad y competitividad para el crecimiento económico sustentable de manera redistributiva y solidaria
A8: Objetivos Provinciales: | B8: Fomentar el cumplimiento de los derechos de interculturalidad, igualdad de género y la inclusión social de los grupos de atención prioritaria y sus familias
A9: Objetivos en GPR | B9: Incrementar la calidad y la cobertura de la red vial
A10: Proyecto | B10: Construcción de estructuras menores para sectores rurales por contingencia climática
A11: Propósito / Objetivo | B11: Mejorar el soporte vial rural existente en la provincia
A12: Resultado 1 / Componente 1 | B12: Indicador de gestión | C12: Método de cálculo | K12: Programación de meta trimestral
K13: 1 | L13: 2 | M13: 3 | N13: 4
A14: Número de estructuras menores construidas por contingencia climática | B14: Número de estructuras menores construidas por contingencia climática | C14: Sumatoria de estructuras menores construidas por contingencia climática | K14: 3 | L14: 3
B15: Actividades | C15: Cronograma | O15: Valor Asignado | P15: I Reforma | Q15: II Reforma | R15: III Reforma | S15: IV Reforma | T15: V Reforma | U15: Total | V15: Partida Presupuestaria
C16: E | D16: F | E16: M | F16: A | G16: M | H16: J | I16: J | J16: A | K16: S | L16: O | M16: N | N16: D | V16: Código | W16: Denominación
A17: 1 | B17: Elaboración de términos de referencia | O17: 0 | U17: =SUM(O17:T17) -> 0
A18: =+A17+1 -> 2 | B18: Adquisición de materiales para la construcción estructuras menores presentadas por emergencia | O18: 68000 | Q18: -30000 | U18: =SUM(O18:T18) -> 38000 | V18: 42.73.08.11 | W18: Insumos, bienes, materiales y suministros para la construcción, eléctricos, plomería….
A19: 3 | B19: Adquisición de materiales para la construcción estructuras menores presentadas por emergencias 2023 | Q19: 208000 | U19: =SUM(O19:T19) -> 208000 | V19: 42.73.08.11 | W19: Insumos, bienes, materiales y suministros para la construcción, eléctricos, plomería….
A20: =+A19+1 -> 4 | B20: Pago de camioneta adquirida en el 2023 | Q20: 30000 | T20: -3223 | U20: =SUM(O20:T20) -> 26777 | V20: 42.84.01.05 | W20: Vehículos (Larga duración)
A21: 5 | B21: Contratación de mantenimiento por vigencia tecnológica de camioneta 4x4 doble cabina | T21: 2500 | U21: =SUM(O21:T21) -> 2500 | V21: 42.73.08.03 | W21: Lubricantes
T22: 2000 | U22: =SUM(O22:T22) -> 2000 | V22: 42.73.04.05 | W22: Vehículos (Mantenimiento)
T23: 1500 | U23: =SUM(O23:T23) -> 1500 | V23: 42.73.08.13 | W23: Repuestos y accesorios
B24: TOTAL DEL PROYECTO | O24: =SUM(O17:O23) -> 68000 | P24: =SUM(P17:P23) -> 0 | Q24: =SUM(Q17:Q23) -> 208000 | R24: =SUM(R17:R23) -> 0 | S24: =SUM(S17:S23) -> 0 | T24: =SUM(T17:T23) -> 2777 | U24: =SUM(U17:U23) -> 278777

Sheet P partic
G2: PLAN OPERATIVO ANUAL 2.025
G3: Dirección / Unidad: | O3: Obras Públicas
G4: Periodo de ejecución: | O4: Enero -Diciembre
A6: Objetivos de Desarrollo Sostenible | B6: Construir infraestructuras resilientes, promover la industrialización inclusiva y sostenible, y fomentar la industrialización.
A7: Objetivos Nacionales: | B7: Impulsar la conectividad como fuente de desarrollo y crecimiento económico y sostenible
A9: Objetivos Provinciales: | B9: Impulsar la inversión en infraestructura de equipamiento, conectividad y telecomunicaciones a nivel rural de la provincia que permitan consolidar un territorio inclusivo, resiliente y seguro.
A10: Objetivos en GPR | B10: Incrementar la calidad y la cobertura de la red vial
A11: Proyecto | B11: Construcción de estructuras menores / Presupuesto participativo en la provincia de Santo Domingo de los Tsáchilas
A12: Propósito / Objetivo | B12: Mejorar el soporte vial rural existente en la provincia
A13: Resultado 1 / Componente 1 | B13: Indicadores de Gestión Institucional | C13: Método de Cálculo | K13: Meta trimestral
K14: 1 | L14: 2 | M14: 3 | N14: 4
A15: Construcción de estructuras menores | B15: Número de estructuras menores construidas (puentes y alcantarillas) | C15: Sumatoria de estructuras menores construidas | K15: 10 | L15: 20 | M15: 20 | N15: 10
B16: Actividades | C16: Cronograma | O16: Valor Asignado | P16: I Reforma | Q16: II Reforma | R16: III Reforma | S16: IV Reforma | T16: V Reforma | U16: VI Reforma | V16: VII Reforma | W16: VIII Reforma | X16: Total | Y16: Partida Presupuestaria
C17: E | D17: F | E17: M | F17: A | G17: M | H17: J | I17: J | J17: A | K17: S | L17: O | M17: N | N17: D | Y17: Código | Z17: Denominación
A18: 1 | B18: Elaboración de TDRs para la contratación de la construcción de estructuras menores | O18: 0 | X18: =SUM(O18:W18) -> 0
A19: =+A18+1 -> 2 | B19: Contratación de técnicos para el proyecto | O19: 29088 | X19: =SUM(O19:W19) -> 29088 | Y19: 42.71.05.10 | Z19: Servicios personales por contrato
O20: 2424 | X20: =SUM(O20:W20) -> 2424 | Y20: 42.71.02.03 | Z20: Décimo tercer sueldo
O21: 950 | X21: =SUM(O21:W21) -> 950 | Y21: 42.71.02.04 | Z21: Décimo cuarto sueldo
O22: 3390 | X22: =SUM(O22:W22) -> 3390 | Y22: 42.71.06.01 | Z22: Aporte Patronal
O23: 2424 | X23: =SUM(O23:W23) -> 2424 | Y23: 42.71.06.02 | Z23: Fondos de reserva
O24: 2374 | X24: =SUM(O24:W24) -> 2374 | Y24: 42.71.07.07 | Z24: Compensación por vacaciones no gozadas por cesación de funciones
A25: 3 | B25: Pago de horas extras al personal del proyecto (Código de Trabajo y LOSEP) | O25: 42302.62 | X25: =SUM(O25:W25) -> 42302.62 | Y25: 42.71.05.09 | Z25: Horas extraordinarias y suplementarias
A26: 4 | B26: Pago de Personal para la construcción de estructuras menores - Código de Trabajo | O26: 136680 | X26: =SUM(O26:W26) -> 136680 | Y26: 42.71.01.06 | Z26: Salarios Unificadas
O27: 15223.33 | X27: =SUM(O27:W27) -> 15223.33 | Y27: 42.71.02.03 | Z27: Décimo tercer sueldo
O28: 9500 | X28: =SUM(O28:W28) -> 9500 | Y28: 42.71.02.04 | Z28: Décimo cuarto sueldo
O29: 22195.62 | X29: =SUM(O29:W29) -> 22195.62 | Y29: 42.71.06.01 | Z29: Aporte Patronal
O30: 15223.33 | X30: =SUM(O30:W30) -> 15223.33 | Y30: 42.71.06.02 | Z30: Fondos de reserva
O31: 3744 | X31: =SUM(O31:W31) -> 3744 | Y31: 42.71.03.04 | Z31: Compensación por transporte
O32: 24960 | X32: =SUM(O32:W32) -> 24960 | Y32: 42.71.03.06 | Z32: Alimentación
O33: 3420 | X33: =SUM(O33:W33) -> 3420 | Y33: 42.71.04.01 | Z33: Por cargas familiares
O34: 4783.8 | X34: =SUM(O34:W34) -> 4783.8 | Y34: 42.71.04.08 | Z34: Subsidio de antigüedad
A35: 5 | B35: Adquisición de materiales para la construcción estructuras menores 2024 | O35: 492086.1 | W35: -492086.1 | X35: =SUM(O35:W35) -> 0 | Y35: 42.73.08.11 | Z35: Insumos, materiales y suministros para construcción, electricidad, plomería, carpintería, señalización vial, navegación, contra incendios y placas
A36: 6 | B36: Adquisición de materiales para la construcción estructuras menores 2025 | O36: 506506.02 | Q36: -84500 | W36: -422006.02 | X36: =SUM(O36:W36) -> 0 | Y36: 42.73.08.11 | Z36: Insumos, materiales y suministros para construcción, electricidad, plomería, carpintería, señalización vial, navegación, contra incendios y placas
A37: 7 | B37: Adquisición de 2 volquetas priorizadas por la comunidad en presupuesto participativo 2025 | O37: 193000 | Q37: 93980 | T37: -80980 | W37: -190000 | X37: =SUM(O37:W37) -> 16000 | Y37: 42.84.01.05 | Z37: Vehículos
A38: 8 | B38: Contratación de mantenimiento por vigencia tecnológica de 2 volquetas priorizadas por la comunidad en presupuesto participativo | O38: 6300 | Q38: 10000 | X38: =SUM(O38:W38) -> 16300 | Y38: 42.73.08.03 | Z38: Lubricantes
O39: 4000 | Q39: 2000 | X39: =SUM(O39:W39) -> 6000 | Y39: 42.73.04.05 | Z39: Vehículos (Servicio para mantenimiento y reparación)
O40: 4000 | Q40: 8000 | X40: =SUM(O40:W40) -> 12000 | Y40: 42.73.08.13 | Z40: Repuestos y accesorios
A41: 9 | B41: Contratación de seguro para 2 volquetas priorizadas por la comunidad en presupuesto participativo | O41: 4000 | Q41: 11000 | X41: =SUM(O41:W41) -> 15000 | Y41: 42.77.02.01 | Z41: Seguros
A42: 10 | B42: Pago Contratación del servicio de mantenimiento por vigencia tecnológica Adquisición de Volquetes priorizadas por la comunidad en presupuesto participativo 2024 | O42: 4980 | P42: -4195 | X42: =SUM(O42:W42) -> 785 | Y42: 42.73.04.05 | Z42: Vehículos (Servicio para mantenimiento y reparación)
O43: 17200 | P43: -16100 | X43: =SUM(O43:W43) -> 1100 | Y43: 42.73.08.13 | Z43: Repuestos y Accesorios
O44: 1434 | P44: 330 | X44: =SUM(O44:W44) -> 1764 | Y44: 42.73.08.03 | Z44: Lubricantes
A45: 11 | B45: Adquisición de un camioncito doble cabina para transporte de materiales para obras de cogestión | O45: 90000 | Q45: -90000 | X45: =SUM(O45:W45) -> 0 | Y45: 42.84.01.05 | Z45: Vehículos
A46: 12 | B46: Contratación de mantenimiento por vigencia tecnológica de camioncito doble cabina | O46: 4000 | Q46: -4000 | X46: =SUM(O46:W46) -> 0 | Y46: 42.73.08.03 | Z46: Lubricantes
O47: 5000 | Q47: -5000 | X47: =SUM(O47:W47) -> 0 | Y47: 42.73.04.05 | Z47: Vehículos (Servicio para mantenimiento y reparación)
O48: 3000 | Q48: -3000 | X48: =SUM(O48:W48) -> 0 | Y48: 42.73.08.13 | Z48: Repuestos y accesorios
A49: 13 | B49: Contratación de seguro para camioncito doble cabina | O49: 2000 | Q49: -2000 | X49: =SUM(O49:W49) -> 0 | Y49: 42.77.02.01 | Z49: Seguros
A50: 14 | B50: Adquisición de 4 camionetas 4x4 doble cabina | O50: 53000 | Q50: 67000 | T50: -15600 | X50: =SUM(O50:W50) -> 104400 | Y50: 42.84.01.05 | Z50: Vehículos
A51: 15 | B51: Contratación de mantenimiento por vigencia tecnológica de 4 camionetas 4x4 doble cabina | O51: 5000 | Q51: -1000 | X51: =SUM(O51:W51) -> 4000 | Y51: 42.73.08.03 | Z51: Lubricantes
O52: 4000 | Q52: 2000 | X52: =SUM(O52:W52) -> 6000 | Y52: 42.73.04.05 | Z52: Vehículos (Servicio para mantenimiento y reparación)
O53: 3000 | Q53: 4000 | X53: =SUM(O53:W53) -> 7000 | Y53: 42.73.08.13 | Z53: Repuestos y accesorios
A54: 16 | B54: Contratación de seguro para 4 camionetas | O54: 4000 | Q54: 4500 | X54: =SUM(O54:W54) -> 8500 | Y54: 42.77.02.01 | Z54: Seguros
A55: 17 | B55: Pago de alquiler de maquinaria para la construcción de las obras de cogestión presupuesto participativo 2024 | O55: 169293.91 | X55: =SUM(O55:W55) -> 169293.91 | Y55: 42.73.05.04 | Z55: Maquinarias y equipos (arrendamiento)
A56: 18 | B56: Pago de adquisición de materiales para construcción de estructuras menores 2022 | O56: 9000 | W56: -3000 | X56: =SUM(O56:W56) -> 6000 | Y56: 42.73.08.11 | Z56: Insumos, materiales y suministros para construcción, electricidad, plomería, carpintería, señalización vial, navegación, contra incendios y placas
A57: 19 | B57: Alquiler de volquetas para stockear material en la parroquia La Villegas y la Zona 2 ( Nuevo Israel y Las Delicias | O57: 70000 | X57: =SUM(O57:W57) -> 70000 | Y57: 42.73.05.05 | Z57: Vehículos (Arrendamiento)
A58: 20 | B58: Pago de adquisición de un tanquero de combustible, (incluye el tanque y los accesorios para la distribución) | O58: 174000 | T58: -9000 | X58: =SUM(O58:W58) -> 165000 | Y58: 42.84.01.05 | Z58: Vehículos
A59: 21 | B59: Pago de contratación de mantenimiento por vigencia tecnológica de tanquero de combustible | O59: 5000 | X59: =SUM(O59:W59) -> 5000 | Y59: 42.73.08.03 | Z59: Lubricantes
O60: 5000 | X60: =SUM(O60:W60) -> 5000 | Y60: 42.73.04.05 | Z60: Vehículos (Servicio para mantenimiento y reparación)
O61: 5000 | X61: =SUM(O61:W61) -> 5000 | Y61: 42.73.08.13 | Z61: Repuestos y accesorios
A62: 22 | B62: Pago de contratación de seguro para tanquero de combustible | O62: 2000 | X62: =SUM(O62:W62) -> 2000 | Y62: 42.77.02.01 | Z62: Seguros
A63: 23 | B63: Transferencia para dotación de combustible para las volquetas adquiridas dentro del proyecto "Construcción de estructuras menores / Presupuesto participativo en la provincia de Santo Domingo de los Tsáchilas" | O63: 60000 | X63: =SUM(O63:W63) -> 60000 | Y63: 42.78.01.04 | Z63: A Gobiernos Autónomos Descentralizados
A64: 24 | B64: Pago de Contratación de mantenimiento por vigencia tecnológica de dos camionetas 4x4 doble cabina | O64: 2500 | X64: =SUM(O64:W64) -> 2500 | Y64: 42.73.08.03 | Z64: Lubricantes
O65: 2000 | X65: =SUM(O65:W65) -> 2000 | Y65: 42.73.04.05 | Z65: Vehículos (Servicio para mantenimiento y reparación)
O66: 1500 | X66: =SUM(O66:W66) -> 1500 | Y66: 42.73.08.13 | Z66: Repuestos y accesorios
A67: 25 | B67: Alquiler de maquinaria para la construcción de las obras de cogestión presupuesto participativo 2025 | O67: =163000+1880 -> 164880 | Q67: -164880 | X67: =SUM(O67:W67) -> 0 | Y67: 42.73.05.04 | Z67: Maquinarias y equipos (arrendamiento)
A68: 26 | B68: Contratación del servicio de mantenimiento por vigencia tecnológica Adquisición de Volquetes priorizadas por la comunidad en presupuesto participativo 2024 | O68: 0 | P68: 20000 | X68: =SUM(O68:W68) -> 20000 | Y68: 42.73.04.05 | Z68: Vehículos (Servicio para mantenimiento y reparación)
O69: 0 | P69: 10000 | X69: =SUM(O69:W69) -> 10000 | Y69: 42.73.08.13 | Z69: Repuestos y Accesorios
O70: 0 | P70: 17000 | X70: =SUM(O70:W70) -> 17000 | Y70: 42.73.08.03 | Z70: Lubricantes
A71: 27 | B71: Contratación de mantenimiento por vigencia tecnológicade dos camionetas 4x4 doble cabina adquiridas en el año 2024 | P71: 4000 | X71: =SUM(O71:W71) -> 4000 | Y71: 42.73.08.03 | Z71: Lubricantes
P72: 4500 | X72: =SUM(O72:W72) -> 4500 | Y72: 42.73.04.05 | Z72: Vehículos (Servicio para mantenimiento y reparación)
P73: 5500 | X73: =SUM(O73:W73) -> 5500 | Y73: 42.73.08.13 | Z73: Repuestos y accesorios
A74: 28 | B74: Inspecciones de campo para la elaboración de las fichas técnicas del proyecto | X74: =SUM(O74:W74) -> 0
A75: 29 | B75: Elaboración de fichas técnicas para la elaboración del proyecto | X75: =SUM(O75:W75) -> 0
A76: 30 | B76: Elaboración y formulación del proyecto según formato SENPLADES. | X76: =SUM(O76:W76) -> 0
A77: 31 | B77: Elaboración de los planos estructurales de las obras que forman parte del proyecto | X77: =SUM(O77:W77) -> 0
A78: 32 | B78: Ejecución y supervisión de las obras de cogestión - presupuesto participativo | X78: =SUM(O78:W78) -> 0
A79: 33 | B79: Fiscalización de las obras de cogestión presupuesto participativo | X79: =SUM(O79:W79) -> 0
A80: 34 | B80: Capacitación del personal de obras publicas, del uso de la maquinaria pesada | Q80: 7000 | V80: -3500 | X80: =SUM(O80:W80) -> 3500 | Y80: 42.73.06.12 | Z80: Capacitación a servidores públicos
A81: 35 | B81: Adquisición de dos concreteras de un saco | Q81: 5000 | X81: =SUM(O81:W81) -> 5000 | Y81: 42.84.01.04 | Z81: Maquinarias y equipos
A82: 36 | B82: Adquisición de cinco computadoras | Q82: 6500 | X82: =SUM(O82:W82) -> 6500 | Y82: 42.84.01.07 | Z82: Equipos, sistemas y paquetes informáticos
A83: 37 | B83: Alquiler de volquetas para transportar material pétreo a las comunidades para las obras de cogestión | Q83: 88400 | X83: =SUM(O83:W83) -> 88400 | Y83: 42.73.05.05 | Z83: Vehículos (Arrendamiento)
A84: 38 | B84: Actividades varias | X84: =SUM(O84:W84) -> 0
A85: 39 | B85: Alquiler de maquinaria para la construcción de las obras de cogestión presupuesto participativo 2025 | T85: 105580 | X85: =SUM(O85:W85) -> 105580 | Y85: 42.73.05.04 | Z85: Maquinarias y equipos (arrendamiento)
A86: 40 | B86: Mantenimiento de concreteras | V86: 3500 | X86: =SUM(O86:W86) -> 3500 | Y86: 42.73.04.04 | Z86: Maquinarias y equipos (Instalación, mantenimiento y reparación)
B87: TOTAL | O87: =SUM(O18:O86) -> 2395362.7 | P87: =SUM(P18:P86) -> 41035 | Q87: =SUM(Q18:Q86) -> -45000 | R87: =SUM(R18:R86) -> 0 | S87: =SUM(S18:S86) -> 0 | T87: =SUM(T18:T86) -> 0 | U87: =SUM(U18:U86) -> 0 | V87: =SUM(V18:V86) -> 0 | ... X87: =SUM(X18:X86) -> 1284305.6

Sheet P metálicos - p partic
G1: PLAN OPERATIVO ANUAL 2.025
G2: Dirección / Unidad: | O2: Obras Públicas
G3: Periodo de ejecución: | O3: Enero -Diciembre
A6: Objetivos de Desarrollo Sostenible | B6: Construir infraestructuras resilientes, promover la industrialización inclusiva y sostenible, y fomentar la industrialización.
A7: Objetivos Nacionales: | B7: Impulsar la conectividad como fuente de desarrollo y crecimiento económico y sostenible
A8: Objetivos Provinciales: | B8: Impulsar la inversión en infraestructura de equipamiento, conectividad y telecomunicaciones a nivel rural de la provincia que permitan consolidar un territorio inclusivo, resiliente y seguro.
A9: Objetivos en GPR | B9: Incrementar la calidad y la cobertura de la red vial
A10: Proyecto | B10: Construcción de estructuras metálicas / Presupuesto participativo en la provincia de Santo Domingo de los Tsáchilas
A11: Propósito / Objetivo | B11: Mejorar el soporte vial rural existente en la provincia
A13: Resultado 1 / Componente 1 | B13: Indicadores de Gestión Institucional | C13: Método de Cálculo | K13: Meta trimestral
K14: 1 | L14: 2 | M14: 3 | N14: 4
A15: Construcción de estructuras metálicas | B15: Número de estructuras metálicas construidas | C15: Sumatoria de estructuras metálicas | M15: 1 | N15: 2
B16: Actividades | C16: Cronograma | O16: Valor Asignado | P16: I Reforma | Q16: II Reforma | R16: III Reforma | S16: IV Reforma | T16: V Reforma | U16: VI Reforma | V16: VII Reforma | W16: VIII Reforma | X16: Total | Y16: Partida Presupuestaria
C17: E | D17: F | E17: M | F17: A | G17: M | H17: J | I17: J | J17: A | K17: S | L17: O | M17: N | N17: D | Y17: Código | Z17: Denominación
A18: 1 | B18: Elaboración de diseño de puentes | O18: 0 | X18: =SUM(O18:W18) -> 0
A19: =+A18+1 -> 2 | B19: Seguimiento y supervisión de la construcción de puentes metálicos priorizados con presupuesto participativo | X19: =SUM(O19:W19) -> 0
A20: =+A19+1 -> 3 | B20: Contratación del servicio de soldadura para la construcción de puentes metálicos priorizados con presupuesto participativo | O20: 20000 | Q20: 50000 | X20: =SUM(O20:W20) -> 70000 | Y20: 42.73.06.07 | Z20: Servicios técnicos especializados
A21: =+A20+1 -> 4 | B21: Adquisición de planchas metálicas para construcción de puentes metálicos priorizados con presupuesto participativo | O21: 10000 | Q21: -10000 | X21: =SUM(O21:W21) -> 0 | Y21: 42.73.08.11 | Z21: Insumos, materiales y suministros para construcción, electricidad, plomería, carpintería, señalización vial, navegación, contra incendios y placas
B22: TOTAL | O22: =SUM(O18:O21) -> 30000 | P22: =SUM(P18:P21) -> 0 | Q22: =SUM(Q18:Q21) -> 40000 | R22: =SUM(R18:R21) -> 0 | S22: =SUM(S18:S21) -> 0 | T22: =SUM(T18:T21) -> 0 | U22: =SUM(U18:U21) -> 0 | V22: =SUM(V18:V21) -> 0 | ... X22: =SUM(X18:X21) -> 70000

Sheet Bacheo 
G1: PLAN OPERATIVO ANUAL 2.025
G2: Dirección / Unidad: | O2: Obras Públicas
G3: Periodo de ejecución: | O3: Enero -Diciembre
A5: Objetivos de Desarrollo Sostenible | B5: Construir infraestructuras resilientes, promover la industrialización inclusiva y sostenible, y fomentar la industrialización.
A6: Objetivos Nacionales: | B6: Impulsar la conectividad como fuente de desarrrollo y crecimiento economico y sostenible
A7: Objetivos Provinciales: | B7: Impulsar la inversión en infraestructura de equipamiento, conectividad y telecomunicaciones a nivel rural de la provincia que permitan consolidar un territorio inclusivo, resiliente y seguro.
A8: Objetivos en GPR | B8: Incrementar la calidad y la cobertura de la red vial
A9: Proyecto | B9: Mantenimiento Vías con material de afirmado (Bacheo con lastre)
A10: Propósito / Objetivo | B10: Mejorar la vialidad rural de la provincia
A12: Resultado 1 / Componente 1 | B12: Indicador de gestión institucional | C12: Método de cálculo | K12: Meta trimestral
K13: 1 | L13: 2 | M13: 3 | N13: 4
A14: Mantenimiento de vías en lastre | B14: Km de vías lastradas mantenidas | C14: Sumatoria de km vías lastradas mantenidas | K14: 150 | L14: 250 | M14: 400 | N14: 200
B15: Actividades | C15: Cronograma | O15: Valor Asignado | P15: I Reforma | Q15: II Reforma | R15: III Reforma | S15: IV Reforma | T15: V Reforma | U15: VI Reforma | V15: VII Reforma | W15: VIII Reforma | X15: Total | Y15: Partida Presupuestaria
C16: E | D16: F | E16: M | F16: A | G16: M | H16: J | I16: J | J16: A | K16: S | L16: O | M16: N | N16: D | Y16: Código | Z16: Denominación
A17: 1 | B17: Elaboración de cronograma de intervención por sectores de la provincia para el mantenimiento vial | O17: 0 | X17: =SUM(O17:W17) -> 0
A18: 2 | B18: Ejecución de mantenimiento a la red vial provincial de conformidad al cronograma de intervención | O18: 0 | X18: =SUM(O18:W18) -> 0
A19: 3 | B19: Transporte de material con maquinaria del GAD Provincial | O19: 0 | X19: =SUM(O19:W19) -> 0
A20: 4 | B20: Regada y compactación del material maquinaria del GAD Provincial | O20: 0 | X20: =SUM(O20:W20) -> 0
A21: 5 | B21: Supervisión de ejecución de trabajos de mantenimiento vial | O21: 0 | X21: =SUM(O21:W21) -> 0
A22: 6 | B22: Pago de horas extras al personal de vialidad | O22: =4675+960 -> 5635 | X22: =SUM(O22:W22) -> 5635 | Y22: 42.71.05.09 | Z22: Horas extraordinarias y suplementarias
A23: 7 | B23: Contratación de personal para proyecto | O23: 14544 | P23: 6850 | X23: =SUM(O23:W23) -> 21394 | Y23: 42.71.05.10 | Z23: Servicios personales por contrato
O24: 1212 | P24: 1000 | X24: =SUM(O24:W24) -> 2212 | Y24: 42.71.02.03 | Z24: Décimo tercer sueldo
O25: 475 | P25: 475 | X25: =SUM(O25:W25) -> 950 | Y25: 42.71.02.04 | Z25: Décimo cuarto sueldo
O26: 1695 | P26: 1000 | X26: =SUM(O26:W26) -> 2695 | Y26: 42.71.06.01 | Z26: Aporte Patronal
O27: 1212 | P27: 900 | X27: =SUM(O27:W27) -> 2112 | Y27: 42.71.06.02 | Z27: Fondos de reserva
O28: 1187 | X28: =SUM(O28:W28) -> 1187 | Y28: 42.71.07.07 | Z28: Compensación por vacaciones no gozadas por cesación de funciones
A29: 8 | B29: Adquisición de tres camionetas 4x4 doble cabina | Q29: 90000 | X29: =SUM(O29:W29) -> 90000 | Y29: 42.84.01.05 | Z29: Vehículos
A30: 9 | B30: Contratación de mantenimiento por vigencia tecnológica de tres camionetas 4x4 doble cabina | Q30: 3000 | X30: =SUM(O30:W30) -> 3000 | Y30: 42.73.08.03 | Z30: Lubricantes
Q31: 4500 | X31: =SUM(O31:W31) -> 4500 | Y31: 42.73.04.05 | Z31: Vehículos (servicio para mantenimiento y reparación)
Q32: 5250 | X32: =SUM(O32:W32) -> 5250 | Y32: 42.73.08.13 | Z32: Repuestos y accesorios
A33: 10 | B33: Contratación de seguro para camionetas | Q33: 6375 | X33: =SUM(O33:W33) -> 6375 | Y33: 42.77.02.01 | Z33: Seguros
A34: 11 | B34: Pago de peajes y otros. | Q34: 5000 | X34: =SUM(O34:W34) -> 5000 | Y34: 42.77.01.02 | Z34: Tasas generales, impuestos, contribuciones, permisos, licencias y patentes
A35: 12 | B35: Actividades varias | X35: =SUM(O35:W35) -> 0
A36: 13 | B36: Alquiler de maquinaria para el mantenimiento vías con material de afirmado (Bacheo con lastre) en la provincia de Santo Domingo de los Tsáchilas | T36: 200000 | X36: =SUM(O36:W36) -> 200000 | Y36: 42.73.05.04 | Z36: Maquinarias y equipos (arrendamiento)
A37: 14 | B37: Alquiler de volquetas para el mantenimiento vías con material de afirmado (Bacheo con lastre) en la provincia de Santo Domingo de los Tsáchilas | T37: 100000 | X37: =SUM(O37:W37) -> 100000 | Y37: 42.73.05.05 | Z37: Vehículos (Arrendamiento)
B38: Total Proyecto | O38: =SUM(O17:O37) -> 25960 | P38: =SUM(P17:P37) -> 10225 | Q38: =SUM(Q17:Q37) -> 114125 | R38: =SUM(R17:R37) -> 0 | S38: =SUM(S17:S37) -> 0 | T38: =SUM(T17:T37) -> 300000 | U38: =SUM(U17:U37) -> 0 | V38: =SUM(V17:V37) -> 0 | ... X38: =SUM(X17:X37) -> 450310

Sheet Mant Asfalt
G2: PLAN OPERATIVO ANUAL 2.025
G3: Dirección / Unidad: | O3: Obras Públicas
G4: Periodo de ejecución: | O4: Enero -Diciembre
A6: Objetivos de Desarrollo Sostenible | B6: Construir infraestructuras resilientes, promover la industrialización inclusiva y sostenible, y fomentar la industrialización.
A7: Objetivos Nacionales: | B7: Impulsar la conectividad como fuente de desarrrollo y crecimiento económico y sostenible
A8: Objetivos Provinciales: | B8: Impulsar la inversión en infraestructura de equipamiento, conectividad y telecomunicaciones a nivel rural de la provincia que permitan consolidar un territorio inclusivo, resiliente y seguro.
A9: Objetivos en GPR | B9: Incrementar la calidad y la cobertura de la red vial
A10: Proyecto | B10: Mantenimiento de vías en asfalto y doble tratamiento
A11: Propósito / Objetivo | B11: Mejorar la vialidad rural de la provincia
A13: Resultado 1 / Componente 1 | B13: Indicadores de Gestión Institucional | C13: Método de Cálculo | K13: Meta trimestral
K14: 1 | L14: 2 | M14: 3 | N14: 4
A15: Bacheo de vías en asfalto y doble tratamiento | B15: m3 de hormigón asfáltico colocado en vía | C15: Sumatoria de m3 de hormigón asfáltico colocado en vías asfaltadas y con doble tratamiento | M15: 200 | N15: 200
B16: Actividades | C16: Cronograma | O16: Valor Asignado | P16: I Reforma | Q16: II Reforma | R16: III Reforma | S16: IV Reforma | T16: V Reforma | U16: VI Reforma | V16: VII Reforma | W16: VIII Reforma | X16: Total | Y16: Partida Presupuestaria
C17: E | D17: F | E17: M | F17: A | G17: M | H17: J | I17: J | J17: A | K17: S | L17: O | M17: N | N17: D | Y17: Código | Z17: Denominación
A18: 1 | B18: Identificación de sitios para aplicar mantenimiento con mezcla asfáltica | O18: 0 | X18: =SUM(O18:W18) -> 0
A19: 2 | B19: Contratación del servicio de mantenimiento de vías en asfalto y doble tratamiento de la red vial rural | O19: 100000 | X19: =SUM(O19:W19) -> 100000 | Y19: 42.75.01.05 | Z19: Transporte y vías
A20: 3 | B20: Supervisión y monitoreo del mantenimiento en vías con asfalto y doble tratamiento | O20: 0 | X20: =SUM(O20:W20) -> 0
B21: TOTAL | O21: =SUM(O18:O20) -> 100000 | P21: =SUM(P18:P20) -> 0 | Q21: =SUM(Q18:Q20) -> 0 | R21: =SUM(R18:R20) -> 0 | S21: =SUM(S18:S20) -> 0 | T21: =SUM(T18:T20) -> 0 | U21: =SUM(U18:U20) -> 0 | V21: =SUM(V18:V20) -> 0 | ... X21: =SUM(X18:X20) -> 100000

Sheet Const y Rehabil
G3: PLAN OPERATIVO ANUAL 2.025
G4: Dirección / Unidad: | O4: Obras Públicas
G5: Periodo de ejecución: | O5: Enero -Diciembre
A7: Objetivos de Desarrollo Sostenible | B7: Construir infraestructuras resilientes, promover la industrialización inclusiva y sostenible, y fomentar la industrialización.
A8: Objetivos Nacionales: | B8: Impulsar la conectividad como fuente de desarrollo y crecimiento económico y sostenible.
A9: Objetivos Provinciales: | B9: Impulsar la inversión en infraestructura de equipamiento, conectividad y telecomunicaciones a nivel rural de la provincia que permitan consolidar un territorio inclusivo, resiliente y seguro.
A10: Objetivos en GPR | B10: Incrementar la calidad y la cobertura de la red vial
A11: Proyecto | B11: Rectificación y mejoramiento del camino San Jacinto del Búa - 10 de agosto - Plan Piloto
A12: Propósito / Objetivo | B12: Mejorar la vialidad rural de la provincia
A13: Resultado 1 / Componente 1 | B13: Indicador de gestión | C13: Método de cálculo | K13: Meta trimestral
K14: 1 | L14: 2 | M14: 3 | N14: 4
A15: Rectificación y mejoramiento del camino San Jacinto del Búa - 10 de agosto - Plan Piloto | B15: Porcentaje de avance de ejecución de obra | C15: (Porcentaje de avance ejecutado / porcentaje de avance programado)/100 | K15: 0.07 | L15: 0.45
B16: Número de Km de vías con rectificación y mejoramiento | C16: Sumatoria de Km de vías con rehabilitación y mejoramiento | M16: 9.5
B17: Actividades | C17: Cronograma | O17: Valor Asignado | P17: I Reforma | Q17: II Reforma | R17: III Reforma | S17: IV Reforma | T17: V Reforma | U17: VI Reforma | V17: VII Reforma | W17: VIII Reforma | X17: Total | Y17: Partida Presupuestaria
C18: E | D18: F | E18: M | F18: A | G18: M | H18: J | I18: J | J18: A | K18: S | L18: O | M18: N | N18: D | Y18: Código | Z18: Denominación
A19: 1 | B19: Contratación de la Rectificación y mejoramiento del camino San Jacinto del Búa - 10 de agosto - Plan Piloto | O19: 1692641.1 | T19: 1308084.7 | W19: -1840641.1 | X19: =SUM(O19:W19) -> 1160084.7 | Y19: 42.75.01.05 | Z19: Transporte y vías
A20: 2 | B20: Contratación de la Fiscalización de la obra Rectificación y mejoramiento del camino San Jacinto del Búa - 10 de agosto - Plan Piloto | O20: 148000 | X20: =SUM(O20:W20) -> 148000 | Y20: 42.73.06.04 | Z20: Fiscalización e inspecciones técnicas
A21: 3 | B21: Seguimiento y supervisión de la obra | O21: 0 | X21: =SUM(O21:W21) -> 0
B22: TOTAL DEL PROYECTO | O22: =SUM(O19:O21) -> 1840641.1 | P22: =SUM(P19:P21) -> 0 | Q22: =SUM(Q19:Q21) -> 0 | R22: =SUM(R19:R21) -> 0 | S22: =SUM(S19:S21) -> 0 | T22: =SUM(T19:T21) -> 1308084.7 | U22: =SUM(U19:U21) -> 0 | V22: =SUM(V19:V21) -> 0 | ... X22: =SUM(X19:X21) -> 1308084.7
G28: PLAN OPERATIVO ANUAL 2.025
G29: Dirección / Unidad: | O29: Obras Públicas
G30: Periodo de ejecución: | O30: Enero -Diciembre
A32: Objetivos de Desarrollo Sostenible | B32: Construir infraestructuras resilientes, promover la industrialización inclusiva y sostenible, y fomentar la industrialización.
A33: Objetivos Nacionales: | B33: Impulsar la conectividad como fuente de desarrollo y crecimiento económico y sostenible.
A34: Objetivos Provinciales: | B34: Impulsar la inversión en infraestructura de equipamiento, conectividad y telecomunicaciones a nivel rural de la provincia que permitan consolidar un territorio inclusivo, resiliente y seguro.
A35: Objetivos en GPR: | B35: Incrementar la calidad y la cobertura de la red vial
A36: Proyecto: | B36: Rehabilitación y Mejoramiento del la carretera Provincias Unidas - Comuna el Poste - La Y, 7,46 km de longitud
A37: Propósito / Objetivo: | B37: Mejorar la vialidad rural de la provincia
A38: Resultado 1 / Componente 1 | B38: Indicador de gestión | C38: Método de Cálculo | K38: Meta trimestral
K39: 1 | L39: 2 | M39: 3 | N39: 4
A40: Rehabilitación y Mejoramiento del la carretera Provincias Unidas - Comuna el Poste - La Y, 7,46 km de longitud | B40: Porcentaje de pago de planillas pendientes | C40: (Porcentaje de pago realizado / porcentaje de pago planificado) x 100 | K40: 0.5 | L40: 0.5
B41: Actividades | C41: Cronograma | O41: Valor Asignado | P41: I Reforma | Q41: II Reforma | R41: III Reforma | S41: IV Reforma | T41: V Reforma | U41: VI Reforma | V41: VII Reforma | W41: VIII Reforma | X41: Total | Y41: Partida Presupuestaria
C42: E | D42: F | E42: M | F42: A | G42: M | H42: J | I42: J | J42: A | K42: S | L42: O | M42: N | N42: D | Y42: Código | Z42: Denominación
A43: 1 | B43: Pago de rehabilitación y Mejoramiento del la carretera Provincias Unidas - Comuna el Poste - La Y, 7,46 km de longitud | O43: 623073.45 | X43: =SUM(O43:W43) -> 623073.45 | Y43: 42.75.01.05 | Z43: Transporte y vías
A44: 2 | B44: Pago de fiscalización de la obra Rehabilitación y Mejoramiento del la carretera Provincias Unidas - Comuna el Poste - La Y, 7,46 km de longitud | O44: 20000 | X44: =SUM(O44:W44) -> 20000 | Y44: 42.73.06.04 | Z44: Fiscalización e inspecciones técnicas
B45: TOTAL | O45: =SUM(O43:O44) -> 643073.45 | P45: =SUM(P43:P44) -> 0 | Q45: =SUM(Q43:Q44) -> 0 | R45: =SUM(R43:R44) -> 0 | S45: =SUM(S43:S44) -> 0 | T45: =SUM(T43:T44) -> 0 | U45: =SUM(U43:U44) -> 0 | V45: =SUM(V43:V44) -> 0 | ... X45: =SUM(X43:X44) -> 643073.45
G52: PLAN OPERATIVO ANUAL 2.025
G53: Dirección / Unidad: | O53: Obras Públicas
G54: Periodo de ejecución: | O54: Enero -Diciembre
A56: Objetivos de Desarrollo Sostenible | B56: Construir infraestructuras resilientes, promover la industrialización inclusiva y sostenible, y fomentar la industrialización.
A57: Objetivos Nacionales: | B57: Impulsar la conectividad como fuente de desarrollo y crecimiento económico y sostenible.
A58: Objetivos Provinciales: | B58: Impulsar la inversión en infraestructura de equipamiento, conectividad y telecomunicaciones a nivel rural de la provincia que permitan consolidar un territorio inclusivo, resiliente y seguro.
A59: Objetivos en GPR: | B59: Incrementar la calidad y la cobertura de la red vial
A60: Proyecto: | B60: Rehabilitación y Mejoramiento de la vía Las Delicias - Copalito - Puerto Limón, con una longitud de 8,71 km Cantón Santo Domingo
A61: Propósito / Objetivo: | B61: Mejorar la vialidad rural de la provincia
A62: Resultado 1 / Componente 1 | B62: Indicador de gestión | C62: Método de Cálculo | K62: Meta trimestral
K63: 1 | L63: 2 | M63: 3 | N63: 4
A64: Rehabilitación y Mejoramiento de la vía Las Delicias - Copalito - Puerto Limón, con una longitud de 8,71 km Cantón Santo Domingo | B64: Porcentaje de avance de ejecución de obra | C64: (Porcentaje de avance realizado / porcentaje de avance planificado) x 100 | K64: 10 | L64: 20 | M64: 20
B65: Número de kilómetros mejorados u rehabilitados | C65: Sumatoria de kilómetros mejorados y rehabilitados | N65: 8.71
B66: Actividades | C66: Cronograma | O66: Valor Asignado | P66: I Reforma | Q66: II Reforma | R66: III Reforma | S66: IV Reforma | T66: V Reforma | U66: VI Reforma | V66: VII Reforma | W66: VIII Reforma | X66: Total | Y66: Partida Presupuestaria
C67: E | D67: F | E67: M | F67: A | G67: M | H67: J | I67: J | J67: A | K67: S | L67: O | M67: N | N67: D | Y67: Código | Z67: Denominación
A68: 1 | B68: Contratación de Rehabilitación y Mejoramiento de la vía Las Delicias - Copalito - Puerto Limón, con una longitud de 8,71 km Cantón Santo Domingo | O68: 4269152.7 | W68: -2571934 | X68: =SUM(O68:W68) -> 1697218.7 | Y68: 42.75.01.05 | Z68: Transporte y vías
A69: 2 | B69: Contratación de Fiscalización de la obra Rehabilitación y Mejoramiento de la vía Las Delicias - Copalito - Puerto Limón, con una longitud de 8,71 km Cantón Santo Domingo | O69: 250556.46 | X69: =SUM(O69:W69) -> 250556.46 | Y69: 42.73.06.04 | Z69: Fiscalización e inspecciones técnicas
A70: 3 | B70: Seguimiento y supervisión de la obra | O70: 0 | X70: =SUM(O70:W70) -> 0
B71: TOTAL | O71: =SUM(O68:O70) -> 4519709.2 | P71: =SUM(P68:P70) -> 0 | Q71: =SUM(Q68:Q70) -> 0 | R71: =SUM(R68:R70) -> 0 | S71: =SUM(S68:S70) -> 0 | T71: =SUM(T68:T70) -> 0 | U71: =SUM(U68:U70) -> 0 | V71: =SUM(V68:V70) -> 0 | ... X71: =SUM(X68:X70) -> 1947775.2
G78: PLAN OPERATIVO ANUAL 2.025
G79: Dirección / Unidad: | O79: Obras Públicas
G80: Periodo de ejecución: | O80: Enero -Diciembre
A82: Objetivos de Desarrollo Sostenible | B82: Construir infraestructuras resilientes, promover la industrialización inclusiva y sostenible, y fomentar la industrialización.
A83: Objetivos Nacionales: | B83: Impulsar la conectividad como fuente de desarrollo y crecimiento económico y sostenible.
A84: Objetivos Provinciales: | B84: Impulsar la inversión en infraestructura de equipamiento, conectividad y telecomunicaciones a nivel rural de la provincia que permitan consolidar un territorio inclusivo, resiliente y seguro.
A85: Objetivos en GPR: | B85: Incrementar la calidad y la cobertura de la red vial
A86: Proyecto: | B86: Rehabilitación de vías rurales de la provincia financiado con FINGAD I-II-III con enfoque al cambio climático.
A87: Propósito / Objetivo: | B87: Mejorar la vialidad rural de la provincia
A88: Resultado 1 / Componente 1 | B88: Indicador de gestión | C88: Método de Cálculo | K88: Meta trimestral
K89: 1 | L89: 2 | M89: 3 | N89: 4
A90: Rehabilitación de vías rurales de la provincia financiado con FINGAD I-II-III | B90: Número de proyectos presentados | C90: Sumatoria de proyectos presentados | N90: 1
B91: Actividades | C91: Cronograma | O91: Valor Asignado | P91: I Reforma | Q91: II Reforma | R91: III Reforma | S91: IV Reforma | T91: V Reforma | U91: VI Reforma | V91: VII Reforma | W91: VIII Reforma | X91: Total | Y91: Partida Presupuestaria
C92: E | D92: F | E92: M | F92: A | G92: M | H92: J | I92: J | J92: A | K92: S | L92: O | M92: N | N92: D | Y92: Código | Z92: Denominación
A93: 1 | B93: Contratación de Rehabilitación de vías rurales de la provincia financiado con FINGAD I-II-III | O93: 1297964.2 | W93: -1297964.2 | X93: =SUM(O93:W93) -> 0 | Y93: 42.75.01.05 | Z93: Transporte y vías
B94: TOTAL | O94: =SUM(O93:O93) -> 1297964.2 | P94: =SUM(P93:P93) -> 0 | Q94: =SUM(Q93:Q93) -> 0 | R94: =SUM(R93:R93) -> 0 | S94: =SUM(S93:S93) -> 0 | T94: =SUM(T93:T93) -> 0 | U94: =SUM(U93:U93) -> 0 | V94: =SUM(V93:V93) -> 0 | ... X94: =SUM(X93:X93) -> 0
G113: PLAN OPERATIVO ANUAL 2.025
G114: Dirección / Unidad: | O114: Obras Públicas
G115: Periodo de ejecución: | O115: Enero -Diciembre
A117: Objetivos de Desarrollo Sostenible | B117: Construir infraestructuras resilientes, promover la industrialización inclusiva y sostenible, y fomentar la industrialización.
A118: Objetivos Nacionales: | B118: Impulsar la conectividad como fuente de desarrollo y crecimiento económico y sostenible.
A119: Objetivos Provinciales: | B119: Impulsar la inversión en infraestructura de equipamiento, conectividad y telecomunicaciones a nivel rural de la provincia que permitan consolidar un territorio inclusivo, resiliente y seguro.
A120: Objetivos en GPR: | B120: Incrementar la calidad y la cobertura de la red vial
A121: Proyecto: | B121: Rehabilitación y mejoramiento a nivel de carpeta de hormigón asfáltico y ciclovía de la carretera Río Verde - San Gabriel del Baba - Julio Moreno- sector La Pirámide de 14.99 km de longitud
A122: Propósito / Objetivo: | B122: Mejorar la vialidad rural de la provincia
A123: Resultado 1 / Componente 1 | B123: Indicador de gestión | C123: Método de Cálculo | K123: Meta trimestral
K124: 1 | L124: 2 | M124: 3 | N124: 4
A125: Adquisición de material eléctrico | B125: Porcentaje de adquisición de material | C125: Cantidad de material eléctrico adquirido/Cantidad de material eléctrico planificado | N125: 1
B126: Actividades | C126: Cronograma | O126: Valor Asignado | P126: I Reforma | Q126: II Reforma | R126: III Reforma | S126: IV Reforma | T126: V Reforma | U126: VI Reforma | V126: VII Reforma | W126: VIII Reforma | X126: Total | Y126: Partida Presupuestaria
C127: E | D127: F | E127: M | F127: A | G127: M | H127: J | I127: J | J127: A | K127: S | L127: O | M127: N | N127: D | Y127: Código | Z127: Denominación
A128: 1 | B128: Adquisición de conductor de cobre tipo TTU 6 AWG (7 hilos) | O128: 1805 | X128: =SUM(O128:W128) -> 1805 | Y128: 42.73.08.11 | Z128: Insumos, materiales y suministros para construcción, electricidad, plomería, carpintería, señalización vial, navegación, contra incendios y placas
A129: 2 | B129: Adquisición de postes metálicos galvanizados | O129: 3375 | P129: 3837 | X129: =SUM(O129:W129) -> 7212 | Y129: 42.73.04.17 | Z129: Obras de Infraestructura
B130: TOTAL | O130: =SUM(O128:O129) -> 5180 | P130: =SUM(P128:P129) -> 3837 | Q130: =SUM(Q128:Q129) -> 0 | R130: =SUM(R128:R129) -> 0 | S130: =SUM(S128:S129) -> 0 | T130: =SUM(T128:T129) -> 0 | U130: =SUM(U128:U129) -> 0 | V130: =SUM(V128:V129) -> 0 | ... X130: =SUM(X128:X129) -> 9017
G141: PLAN OPERATIVO ANUAL 2.025
G142: Dirección / Unidad: | O142: Obras Públicas
G143: Periodo de ejecución: | O143: Enero -Diciembre
A145: Objetivos de Desarrollo Sostenible | B145: Construir infraestructuras resilientes, promover la industrialización inclusiva y sostenible, y fomentar la industrialización.
A146: Objetivos Nacionales: | B146: Impulsar la conectividad como fuente de desarrollo y crecimiento económico y sostenible.
A147: Objetivos Provinciales: | B147: Impulsar la inversión en infraestructura de equipamiento, conectividad y telecomunicaciones a nivel rural de la provincia que permitan consolidar un territorio inclusivo, resiliente y seguro.
A148: Objetivos en GPR: | B148: Incrementar la calidad y la cobertura de la red vial
A149: Proyecto: | B149: Rehabilitación y mejoramiento de la vía Flor del Valle - Tarabita, mediante aplicación de tecnología de mezclas asfálticas modificadas, utilizando material reciclado con enfoque al cambio climático.
A150: Propósito / Objetivo: | B150: Mejorar la vialidad rural de la provincia
A151: Resultado 1 / Componente 1 | B151: Indicador de gestión | C151: Método de Cálculo | K151: Meta trimestral
K152: 1 | L152: 2 | M152: 3 | N152: 4
A153: Rehabilitación y Mejoramiento de la vía Flor del Valle - Tarabita, mediante aplicación de tecnología de mezclas asfálticas modificadas, utilizando material reciclado con enfoque al cambio climático. | B153: Porcentaje de pago de planillas pendientes | C153: (Porcentaje de avance ejecutado / porcentaje de avance programado)/100 | K153: 0.7 | L153: 0.3
...

Sheet Puentes
G2: PLAN OPERATIVO ANUAL 2.024
G3: Dirección / Unidad: | O3: Obras Públicas
G4: Periodo de ejecución: | O4: Enero -Diciembre
A7: Objetivos de Desarrollo Sostenible | B7: Construir infraestructuras resilientes, promover la industrialización inclusiva y sostenible, y fomentar la industrialización.
A8: Objetivos Nacionales: | B8: Fomentar la productividad y competitividad en los sectores agrícola, industrial, acuícola y pesquero, bajo el enfoque de la economía circular.
B9: Generar nuevas oportunidades y bienestar para las zonas rurales con énfasis en pueblos y nacionalidades.
A10: Objetivos Provinciales: | B10: Impulsar la inversión en infraestructura de equipamiento, conectividad y telecomunicaciones a nivel rural de la provincia que permitan consolidar un territorio inclusivo, resiliente y seguro.
A11: Objetivos en GPR: | B11: Incrementar la calidad y la cobertura de la red vial
A12: Proyecto: | B12: Construcción del puente biprovincial sobre el río San Pablo, ubicado entre los límites provinciales de Santo Domingo de los Tsáchilas y Cotopaxi
A13: Propósito / Objetivo: | B13: Mejorar el soporte vial rural existente en la provincia
A14: Resultado 1 / Componente 1 | B14: Indicador de gestión | C14: Método de cálculo | K14: Meta trimestral
K15: 1 | L15: 2 | M15: 3 | N15: 4
A16: Construcción del puente biprovincial sobre el río San Pablo, ubicado entre los límites provinciales de Santo Domingo de los Tsáchilas y Cotopaxi | B16: Porcentaje de pago de planillas pendientes | C16: (Porcentaje de pago ejecutado / porcentaje de pago programado)/100 | K16: 1
B17: Actividades | C17: Cronograma | O17: Valor Asignado | P17: I Reforma | Q17: II Reforma | R17: III Reforma | S17: IV Reforma | T17: V Reforma | U17: Total | V17: Partida Presupuestaria
C18: E | D18: F | E18: M | F18: A | G18: M | H18: J | I18: J | J18: A | K18: S | L18: O | M18: N | N18: D | V18: Código | W18: Denominación
A19: 1 | B19: Pago de Construcción del puente sobre el Río San Pablo en la Parroquia Palo Quemado límite Santo Domingo. FF COOTAD | O19: 244000 | Q19: -167304 | R19: 25000 | U19: =SUM(O19:T19) -> 101696 | V19: 42.75.01.05 | W19: Obras públicas de transporte y vías
A20: 2 | B20: Pago de fiscalización de la obra Construcción del puente sobre el Río San Pablo en la Parroquia Palo Quemado límite Santo Domingo. FF COOTAD | O20: 16000 | Q20: -12696 | U20: =SUM(O20:T20) -> 3304 | V20: 42.73.06.04 | W20: Fiscalización e inspecciones técnicas
A21: 3 | B21: Supervisión de ejecución de obra | O21: 0 | U21: =SUM(O21:T21) -> 0
B22: TOTAL DEL PROYECTO | O22: =SUM(O19:O21) -> 260000 | P22: =SUM(P19:P21) -> 0 | Q22: =SUM(Q19:Q21) -> -180000 | R22: =SUM(R19:R21) -> 25000 | S22: =SUM(S19:S21) -> 0 | T22: =SUM(T19:T21) -> 0 | U22: =SUM(U19:U21) -> 105000

Sheet Emb. Japón 
G2: PLAN OPERATIVO ANUAL 2.024
G3: Dirección / Unidad: | N3: Gestión de Obras Públicas
G4: Periodo de ejecución: | N4: Enero - Diciembre
A7: Objetivos de Desarrollo Sostenible | B7: Construir infraestructuras resilientes, promover la industrialización inclusiva y sostenible, y fomentar la industrialización.
A8: Objetivos Nacionales: | B8: Fomentar la productividad y competitividad en los sectores agrícola, industrial, acuícola y pesquero, bajo el enfoque de la economía circular.
B9: Generar nuevas oportunidades y bienestar para las zonas rurales con énfasis en pueblos y nacionalidades.
A10: Objetivos Provinciales: | B10: Impulsar la inversión en infraestructura de equipamiento, conectividad y telecomunicaciones a nivel rural de la provincia que permitan consolidar un territorio inclusivo, resiliente y seguro.
A11: Objetivos en GPR | B11: Incrementar la calidad y la cobertura de la red vial
A12: Proyecto | B12: "Construcción del puente de hormigón armado sobre el estero Damas Grande en el Sector San Miguel del Toachi"
A13: Propósito / Objetivo | B13: Mejorar la vialidad rural de la provincia
A15: Resultado 1 / Componente 1 | B15: Indicador de gestión | C15: Método de cálculo | K15: Meta trimestral
K16: 1 | L16: 2 | M16: 3 | N16: 4
A17: "Construcción del puente de hormigón armado sobre el estero Damas Grande en el Sector San Miguel del Toachi" | B17: Porcentaje de avance en la construcción de puente de hormigón armado sobre el estero Damas Grande en el Sector San Miguel del Toachi" | C17: (Porcentaje de avance ejecutado / porcentaje de avance programado)/100 | L17: 0.2 | M17: 0.8
B18: Actividades | C18: Cronograma | O18: Valor Asignado | P18: I Reforma | Q18: II Reforma | R18: III Reforma | S18: IV Reforma | T18: V Reforma | U18: Total | V18: Partida Presupuestaria
C19: E | D19: F | E19: M | F19: A | G19: M | H19: J | I19: J | J19: A | K19: S | L19: O | M19: N | N19: D | V19: Código | W19: Denominación
A20: 1 | B20: Contratación de la "Construcción de puente de hormigón armado sobre el estero Damas Grande en el Sector San Miguel del Toachi". | O20: 2500 | Q20: 73131 | U20: =SUM(O20:T20) -> 75631 | V20: 42.75.01.05 | W20: Obras públicas de transporte y vías
A21: 2 | B21: Contratación de la "Fiscalización del puente de hormigón armado sobre el estero Damas Grande en el Sector San Miguel del Toachi". | O21: 2500 | Q21: 1887 | U21: =SUM(O21:T21) -> 4387 | V21: 42.73.06.04 | W21: Fiscalización e inspecciones técnicas
B22: TOTAL DEL PROYECTO | O22: =SUM(O20:O21) -> 5000 | P22: =SUM(P20:P21) -> 0 | Q22: =SUM(Q20:Q21) -> 75018 | R22: =SUM(R20:R21) -> 0 | S22: =SUM(S20:S21) -> 0 | T22: =SUM(T20:T21) -> 0 | U22: =SUM(U20:U21) -> 80018

Sheet Maquina
G2: PLAN OPERATIVO ANUAL 2.024
G3: Dirección / Unidad: | O3: Obras Públicas
G4: Periodo de ejecución: | O4: Enero -Diciembre
A7: Objetivos de Desarrollo Sostenible | B7: Construir infraestructuras resilientes, promover la industrialización inclusiva y sostenible, y fomentar la industrialización.
A8: Objetivos Nacionales: | B8: Fomentar la productividad y competitividad en los sectores agrícola, industrial, acuícola y pesquero, bajo el enfoque de la economía circular.
B9: Generar nuevas oportunidades y bienestar para las zonas rurales con énfasis en pueblos y nacionalidades.
A10: Objetivos Provinciales: | B10: Impulsar la inversión en infraestructura de equipamiento, conectividad y telecomunicaciones a nivel rural de la provincia que permitan consolidar un territorio inclusivo, resiliente y seguro.
A11: Objetivos en GPR | B11: Incrementar la calidad y la cobertura de la red vial
A12: Proyecto | B12: Adquisición de equipo caminero para el GAD Provincial de Santo Domingo de los Tsáchilas
A13: Propósito / Objetivo | B13: Mejorar la conectividad, movilidad y el acceso a las comunidades rurales, a través del mantenimiento vial en lastre, para la comercialización de los productos de la zona rural de la Provincia
A15: Resultado 1 / Componente 1 | B15: Indicador de gestión | C15: Método de cálculo | K15: Meta trimestral
K16: 1 | L16: 2 | M16: 3 | N16: 4
A17: Adquisición de equipo caminero para el GAD Provincial de Santo Domingo, provincia Santo Domingo de los Tsáchilas | B17: Porcentaje de pago pendiente | C17: (Porcentaje de pago ejecutado / porcentaje de pago programado)/100 | K17: 100
B18: Actividades | C18: Cronograma | O18: Valor Asignado | P18: I Reforma | Q18: II Reforma | R18: III Reforma | S18: IV Reforma | T18: V Reforma | U18: Total | V18: Partida Presupuestaria
C19: E | D19: F | E19: M | F19: A | G19: M | H19: J | I19: J | J19: A | K19: S | L19: O | M19: N | N19: D | V19: Código | W19: Denominación
A20: 1 | B20: Pago adquisición de dos tracto camión + cama baja 3 ejes | O20: 261330.4 | U20: =SUM(O20:T20) -> 261330.4 | V20: 42.84.01.05 | W20: Vehículos (Larga duración)
B21: TOTAL DEL PROYECTO | O21: =SUM(O20) -> 261330.4 | P21: =SUM(P20) -> 0 | Q21: =SUM(Q20) -> 0 | R21: =SUM(R20) -> 0 | S21: =SUM(S20) -> 0 | T21: =SUM(T20) -> 0 | U21: =SUM(U20) -> 261330.4
G31: PLAN OPERATIVO ANUAL 2.024
G32: Dirección / Unidad: | O32: Obras Públicas
G33: Periodo de ejecución: | O33: Enero -Diciembre
A36: Objetivos de Desarrollo Sostenible | B36: Construir infraestructuras resilientes, promover la industrialización inclusiva y sostenible, y fomentar la industrialización.
A37: Objetivos Nacionales: | B37: Fomentar la productividad y competitividad en los sectores agrícola, industrial, acuícola y pesquero, bajo el enfoque de la economía circular.
B38: Generar nuevas oportunidades y bienestar para las zonas rurales con énfasis en pueblos y nacionalidades.
A39: Objetivos Provinciales: | B39: Impulsar la inversión en infraestructura de equipamiento, conectividad y telecomunicaciones a nivel rural de la provincia que permitan consolidar un territorio inclusivo, resiliente y seguro.
A40: Objetivos en GPR | B40: Incrementar la calidad y la cobertura de la red vial
A41: Proyecto | B41: Adquisición de maquinaria para mantenimiento de vías del sector rural de la provincia
A42: Propósito / Objetivo | B42: Mejorar la conectividad, movilidad y el acceso a las comunidades rurales, a través del mantenimiento vial en lastre, para la comercialización de los productos de la zona rural de la Provincia
A44: Resultado 1 / Componente 1 | B44: Indicador de gestión | C44: Método de cálculo | K44: Meta trimestral
K45: 1 | L45: 2 | M45: 3 | N45: 4
A46: Adquisición de maquinaria para mantenimiento de vías del sector rural de la provincia | B46: Número de maquinarias adquiridos | C46: Sumatoria de maquinarias adquiridas | M46: 10
B47: Actividades | C47: Cronograma | O47: Valor Asignado | P47: I Reforma | Q47: II Reforma | R47: III Reforma | S47: IV Reforma | T47: V Reforma | U47: Total | V47: Partida Presupuestaria
C48: E | D48: F | E48: M | F48: A | G48: M | H48: J | I48: J | J48: A | K48: S | L48: O | M48: N | N48: D | V48: Código | W48: Denominación
A49: 1 | B49: Adquisición de maquinaria | O49: =480000+4175 -> 484175 | Q49: -234175 | U49: =SUM(O49:T49) -> 250000 | V49: 42.84.01.04 | W49: Maquinarias y Equipos (larga duración)
B50: TOTAL DEL PROYECTO | O50: =SUM(O49) -> 484175 | P50: =SUM(P49) -> 0 | Q50: =SUM(Q49) -> -234175 | R50: =SUM(R49) -> 0 | S50: =SUM(S49) -> 0 | T50: =SUM(T49) -> 0 | U50: =SUM(U49) -> 250000

Sheet Dragado 
G1: PLAN OPERATIVO ANUAL 2.025
G2: Dirección / Unidad: | N2: Gestión de Obras Públicas
G3: Periodo de ejecución: | N3: Enero - Diciembre
A5: Objetivos de Desarrollo Sostenible | B5: Construir infraestructuras resilientes, promover la industrialización inclusiva y sostenible, y fomentar la industrialización.
A6: Objetivos Nacionales: | B6: Impulsar la conectividad como fuente de desarrollo y crecimiento económico y sostenible.
A7: Objetivos Provinciales: | B7: Impulsar la inversión en infraestructura de equipamiento, conectividad y telecomunicaciones a nivel rural de la provincia que permitan consolidar un territorio inclusivo, resiliente y seguro.
A8: Objetivos en GPR | B8: Incrementar la calidad y la cobertura de la red vial
A9: Proyecto | B9: Dragado y limpieza de ríos para prevención de inundaciones en la provincia
A10: Propósito / Objetivo | B10: Prevenir inundaciones por desborde de ríos
A12: Resultado 1 / Componente 1 | B12: Indicadores de Gestión Institucional | C12: Método de Cálculo | K12: Meta trimestral
K13: 1 | L13: 2 | M13: 3 | N13: 4
A14: Dragado y limpieza de ríos | B14: Volumen de material azolvado desalojado | C14: Sumatoria de volumen de material azolvado desalojado | L14: 40000 | M14: 60000 | N14: 50000
B15: Número de intervenciones con dragado para prevención de inundaciones por desbordamiento de ríos | C15: Sumatoria de intervenciones con dragado para prevención de inundaciones por desbordamiento de ríos | L15: 3 | M15: 3 | N15: 2
B16: Actividades | C16: Cronograma | O16: Valor Asignado | P16: I Reforma | Q16: II Reforma | R16: III Reforma | S16: IV Reforma | T16: V Reforma | U16: VI Reforma | V16: VII Reforma | W16: VIII Reforma | X16: Total | Y16: Partida Presupuestaria
C17: E | D17: F | E17: M | F17: A | G17: M | H17: J | I17: J | J17: A | K17: S | L17: O | M17: N | N17: D | Y17: Código | Z17: Denominación
A18: 1 | B18: Inspecciones técnicas, para la actualización del proyecto macro de dragado | O18: 0 | X18: =SUM(O18:W18) -> 0
A19: 2 | B19: Elaboración de cronograma para la intervención en las zonas de dragado | O19: 0 | X19: =SUM(O19:W19) -> 0 | Y19: -
A20: 3 | B20: Ejecución de trabajos de dragado, limpieza y control de inundaciones | O20: 0 | X20: =SUM(O20:W20) -> 0 | Y20: -
A21: 4 | B21: Supervisión de los trabajos realizados | O21: 0 | X21: =SUM(O21:W21) -> 0 | Y21: -
A22: 5 | B22: Adquisición de camioneta 4x4 doble cabina | Q22: 30000 | X22: =SUM(O22:W22) -> 30000 | Y22: 42.84.01.05 | Z22: Vehículos
A23: 6 | B23: Contratación de mantenimiento por vigencia tecnológica de camioneta 4x4 doble cabina | Q23: 1000 | X23: =SUM(O23:W23) -> 1000 | Y23: 42.73.08.03 | Z23: Lubricantes
Q24: 1500 | X24: =SUM(O24:W24) -> 1500 | Y24: 42.73.04.05 | Z24: Vehículos (servicio para mantenimiento y reparación)
Q25: 1750 | X25: =SUM(O25:W25) -> 1750 | Y25: 42.73.08.13 | Z25: Repuestos y accesorios
A26: 7 | B26: Contratación de seguro para camioneta | Q26: 2125 | X26: =SUM(O26:W26) -> 2125 | Y26: 42.77.02.01 | Z26: Seguros
A27: 8 | B27: Actividades varias | X27: =SUM(O27:W27) -> 0
B28: Total Proyecto | O28: =SUM(O18:O27) -> 0 | P28: =SUM(P18:P27) -> 0 | Q28: =SUM(Q18:Q27) -> 36375 | R28: =SUM(R18:R27) -> 0 | S28: =SUM(S18:S27) -> 0 | T28: =SUM(T18:T27) -> 0 | U28: =SUM(U18:U27) -> 0 | V28: =SUM(V18:V27) -> 0 | ... X28: =SUM(X18:X27) -> 36375

Sheet Proy Estr
G2: PLAN OPERATIVO ANUAL 2.025
G3: Dirección / Unidad: | O3: Gestión de Obras Públicas
G4: Periodo de ejecución: | O4: Enero- Diciembre
A6: Objetivos de Desarrollo Sostenible | B6: ODS8. Promover el crecimiento económico continuado, inclusivo y sostenible, el empleo pleno y productivo y el trabajo decente para todos.
A7: Objetivos Nacionales: | B7: Impulsar la conectividad como fuente de desarrollo y crecimiento económico y sostenible.
A8: Objetivos Provinciales: | B8: Impulsar las prácticas sostenibles y sustentables de producción y consumo local, así como el impulso del sistema económico y provincial
A9: Objetivos en GPR | B9: Incrementar el desarrollo económico productivo sustentable en el territorio
A10: Proyecto | B10: Elaboración de estudios y diseños viales y de proyectos de infraestructura vial, estratégicos y APP
A11: Propósito / Objetivo | B11: Elaborar de estudios y diseños viales y de proyectos de infraestructura vial, estratégicos y APP para el desarrollo provincial
A12: Resultado 1 / Componente 1 | B12: Indicadores de Gestión Institucional | C12: Método de Cálculo | K12: Meta trimestral
K13: 1 | L13: 2 | M13: 3 | N13: 4
A14: Estudios y diseños de proyectos diseños viales y de proyectos de infraestructura vial, estratégicos y APP | B14: Número de estudios realizados | C14: Sumatoria de estudios realizados | L14: 1 | M14: 1 | N14: 1
B15: Actividades | C15: Cronograma | O15: Valor Asignado | P15: I Reforma | Q15: II Reforma | R15: III Reforma | S15: IV Reforma | T15: V Reforma | U15: VI Reforma | V15: VII Reforma | W15: VIII Reforma | X15: Total | Y15: Partida Presupuestaria
C16: E | D16: F | E16: M | F16: A | G16: M | H16: J | I16: J | J16: A | K16: S | L16: O | M16: N | N16: D | Y16: Código | Z16: Denominación
A17: 1 | B17: Contratación de personal para el proyecto | O17: 72720 | V17: -6660 | X17: =SUM(O17:W17) -> 66060 | Y17: 42.71.05.10 | Z17: Servicios personales por contrato
O18: 6060 | X18: =SUM(O18:W18) -> 6060 | Y18: 42.71.02.03 | Z18: Décimo tercer sueldo
O19: 2375 | X19: =SUM(O19:W19) -> 2375 | Y19: 42.71.02.04 | Z19: Décimo cuarto sueldo
O20: 8472 | X20: =SUM(O20:W20) -> 8472 | Y20: 42.71.06.01 | Z20: Aporte patronal
O21: 6060 | V21: -300 | X21: =SUM(O21:W21) -> 5760 | Y21: 42.71.06.02 | Z21: Fondo de reserva
O22: 6060 | V22: -900 | X22: =SUM(O22:W22) -> 5160 | Y22: 42.71.07.07 | Z22: Compensación por vacaciones no gozadas por cesación de funciones
A23: 2 | B23: Contratación de servicio de laboratorio para realizar exámenes ocupacionales de preempleo, periódicos y retiro al personal de proyectos bajo régimen de la LOSEP del GADPSDT | O23: 500 | X23: =SUM(O23:W23) -> 500 | Y23: 42.73.02.26 | Z23: Servicios médicos, hospitalarios y complementarios
A24: 3 | B24: Adquisición de computadoras portátiles para personal del proyecto | O24: 1400 | V24: -1400 | X24: =SUM(O24:W24) -> 0 | Y24: 42.84.01.07 | Z24: Equipos sistemas, y paquetes informáticos.
A25: 4 | B25: Adquisición de ropa de trabajo | O25: 800 | X25: =SUM(O25:W25) -> 800 | Y25: 42.73.08.02 | Z25: Vestuario, lencería, prendas de protección, insumos y accesorios para uniformes del personal de Protección, vigilancia y seguridad
A26: 5 | B26: Pago por el servicio de mantenimiento de equipos informáticos SIE-GADPSDT-29-2022 | O26: 120 | X26: =SUM(O26:W26) -> 120 | Y26: 42.73.07.04 | Z26: Mantenimiento y reparación de equipos y sistemas informáticos
A27: 6 | B27: Contratación de servicios para ensayos | O27: 1500 | V27: -1500 | X27: =SUM(O27:W27) -> 0 | Y27: 42.73.06.09 | Z27: Investigaciones profesionales y análisis de laboratorio
A28: 7 | B28: Contratación del servicio de topógrafo con estación total | O28: 1500 | V28: -1500 | X28: =SUM(O28:W28) -> 0 | Y28: 42.73.06.06 | Z28: Honorarios por contratos civiles de servicios
A29: 8 | B29: Adquisición de materiales de oficina | O29: 633 | X29: =SUM(O29:W29) -> 633 | Y29: 42.73.08.04 | Z29: Materiales de oficina
A30: 9 | B30: Adquisición de materiales de oficina para personal del proyecto | O30: 300 | X30: =SUM(O30:W30) -> 300 | Y30: 42.73.08.04 | Z30: Materiales de oficina
A31: 10 | B31: Pago de viáticos y subsistencia al interior | O31: 1500 | X31: =SUM(O31:W31) -> 1500 | Y31: 42.73.03.03 | Z31: Viáticos y subsistencias en el interior
B32: Adquisición de plotter para la jefatura de proyectos, incluye mantenimiento por vigencia tecnológica | V32: 10000 | X32: =SUM(O32:W32) -> 10000 | Y32: 42.84.01.07 | Z32: Equipos sistemas, y paquetes informáticos.
V33: 760 | X33: =SUM(O33:W33) -> 760 | Y33: 42.73.07.04 | Z33: Mantenimiento y reparación de equipos y sistemas informáticos
B34: Adquisición de rollos de papel bond 75 gramos 90x100 cm | V34: 1000 | X34: =SUM(O34:W34) -> 1000 | Y34: 42.73.08.04 | Z34: Materiales de oficina
B35: Adquisición de tintas para plotter | V35: 500 | X35: =SUM(O35:W35) -> 500 | Y35: 42.73.08.04 | Z35: Materiales de oficina
B36: TOTAL | O36: =SUM(O17:O31) -> 110000 | P36: =SUM(P17:P31) -> 0 | Q36: =SUM(Q17:Q31) -> 0 | R36: =SUM(R17:R31) -> 0 | S36: =SUM(S17:S35) -> 0 | T36: =SUM(T17:T35) -> 0 | U36: =SUM(U17:U35) -> 0 | V36: =SUM(V17:V35) -> 0 | W36: =SUM(W17:W35) -> 0 | X36: =SUM(X17:X35) -> 110000

Sheet Maquinaria
G3: PLAN OPERATIVO ANUAL 2.025
G4: Dirección / Unidad: | O4: Obras Públicas
G5: Periodo de ejecución: | O5: Enero -Diciembre
A8: Objetivos de Desarrollo Sostenible | B8: Construir infraestructuras resilientes, promover la industrialización inclusiva y sostenible, y fomentar la industrialización.
A9: Objetivos Nacionales: | B9: Impulsar la conectividad como fuente de desarrollo y crecimiento económico y sostenible.
A10: Objetivos Provinciales: | B10: Impulsar la inversión en infraestructura de equipamiento, conectividad y telecomunicaciones a nivel rural de la provincia que permitan consolidar un territorio inclusivo, resiliente y seguro.
A11: Objetivos en GPR | B11: Incrementar la calidad y la cobertura de la red vial
A12: Proyecto | B12: Adquisición de maquinaria para mantenimiento de vías del sector rural de la provincia
A13: Propósito / Objetivo | B13: Mejorar la conectividad, movilidad y el acceso a las comunidades rurales, a través del mantenimiento vial en lastre, para la comercialización de los productos de la zona rural de la Provincia
A15: Resultado 1 / Componente 1 | B15: Indicador de gestión | C15: Método de cálculo | K15: Meta trimestral
K16: 1 | L16: 2 | M16: 3 | N16: 4
A17: Adquisición de maquinaria para mantenimiento de vías del sector rural de la provincia | B17: Porcentaje de pago de maquinaria | C17: Sumatoria de maquinarias adquiridas | K17: 10 | L17: 10 | M17: 10 | N17: 10
B18: Actividades | C18: Cronograma | O18: Valor Asignado | P18: I Reforma | Q18: II Reforma | R18: III Reforma | S18: IV Reforma | T18: V Reforma | U18: VI Reforma | V18: VII Reforma | W18: VIII Reforma | X18: Total | Y18: Partida Presupuestaria
C19: E | D19: F | E19: M | F19: A | G19: M | H19: J | I19: J | J19: A | K19: S | L19: O | M19: N | N19: D | Y19: Código | Z19: Denominación
A20: 1 | B20: Pago adquisición de maquinaria | O20: 550000 | S20: 725210 | X20: =SUM(O20:W20) -> 1275210 | Y20: 42.84.01.04 | Z20: Maquinarias y Equipos
B21: TOTAL DEL PROYECTO | O21: =SUM(O20) -> 550000 | P21: =SUM(P20) -> 0 | Q21: =SUM(Q20) -> 0 | R21: =SUM(R20) -> 0 | S21: =SUM(S20) -> 725210 | T21: =SUM(T20) -> 0 | U21: =SUM(U20) -> 0 | V21: =SUM(V20) -> 0 | ... X21: =SUM(X20) -> 1275210

Sheet Emb. Japón
G2: PLAN OPERATIVO ANUAL 2.025
G3: Dirección / Unidad: | N3: Gestión de Obras Públicas
G4: Periodo de ejecución: | N4: Enero - Diciembre
A7: Objetivos de Desarrollo Sostenible | B7: Construir infraestructuras resilientes, promover la industrialización inclusiva y sostenible, y fomentar la industrialización.
A8: Objetivos Nacionales: | B8: Impulsar la conectividad como fuente de desarrollo y crecimiento económico y sostenible.
A9: Objetivos Provinciales: | B9: Impulsar la inversión en infraestructura de equipamiento, conectividad y telecomunicaciones a nivel rural de la provincia que permitan consolidar un territorio inclusivo, resiliente y seguro.
A10: Objetivos en GPR | B10: Incrementar la calidad y la cobertura de la red vial
A11: Proyecto | B11: "Construcción de puentes con fondos de la Embajada de Japón"
A12: Propósito / Objetivo | B12: Mejorar la vialidad rural de la provincia
A14: Resultado 1 / Componente 1 | B14: Indicador de gestión | C14: Método de cálculo | K14: Meta trimestral
K15: 1 | L15: 2 | M15: 3 | N15: 4
A16: "Construcción de puentes con fondos de la Embajada de Japón" | B16: Porcentaje de avance en la construcción de puente con fondos de la Embajada de Japón | C16: (Porcentaje de avance ejecutado / porcentaje de avance programado)/100 | L16: 0.2 | M16: 0.8
B17: Actividades | C17: Cronograma | O17: Valor Asignado | P17: I Reforma | Q17: II Reforma | R17: III Reforma | S17: IV Reforma | T17: V Reforma | U17: VI Reforma | V17: VII Reforma | W17: VIII Reforma | X17: Total | Y17: Partida Presupuestaria
C18: E | D18: F | E18: M | F18: A | G18: M | H18: J | I18: J | J18: A | K18: S | L18: O | M18: N | N18: D | Y18: Código | Z18: Denominación
A19: 1 | B19: Contratación de la "Construcción de puentes con fondos de la Embajada de Japón". | O19: 3000 | X19: =SUM(O19:W19) -> 3000 | Y19: 42.75.01.05 | Z19: Obras públicas de transporte y vías
A20: 2 | B20: Contratación de la "Fiscalización de puentes con fondos de la Embajada de Japón". | O20: 3000 | Q20: -2000 | X20: =SUM(O20:W20) -> 1000 | Y20: 42.73.06.04 | Z20: Fiscalización e inspecciones técnicas
B21: TOTAL DEL PROYECTO | O21: =SUM(O19:O20) -> 6000 | P21: =SUM(P19:P20) -> 0 | Q21: =SUM(Q19:Q20) -> -2000 | R21: =SUM(R19:R20) -> 0 | S21: =SUM(S19:S20) -> 0 | T21: =SUM(T19:T20) -> 0 | U21: =SUM(U19:U20) -> 0 | V21: =SUM(V19:V20) -> 0 | ... X21: =SUM(X19:X20) -> 4000

Sheet Jefa Fisca
G2: PLAN OPERATIVO ANUAL 2.025
G3: Dirección / Unidad: | N3: Gestión de Obras Públicas
G4: Periodo de ejecución: | N4: Enero - Diciembre
A7: Objetivos de Desarrollo Sostenible | B7: Construir infraestructuras resilientes, promover la industrialización inclusiva y sostenible, y fomentar la industrialización.
A8: Objetivos Nacionales: | B8: Impulsar la conectividad como fuente de desarrollo y crecimiento económico y sostenible.
A9: Objetivos Provinciales: | B9: Impulsar la inversión en infraestructura de equipamiento, conectividad y telecomunicaciones a nivel rural de la provincia que permitan consolidar un territorio inclusivo, resiliente y seguro.
A10: Objetivos en GPR | B10: Incrementar la calidad y la cobertura de la red vial
A11: Proyecto | B11: Fiscalización de proyectos que se ejecutan en el GADPSDT
A13: Resultado 1 / Componente 1 | B13: Indicador de gestión | C13: Método de cálculo | K13: Meta trimestral
K14: 1 | L14: 2 | M14: 3 | N14: 4
A15: Gestión de trámites ingresados a la Jefatura | B15: Tiempo promedio en la gestión de trámites en la Jefatura | C15: Sumatoria de días de todas las planillas tramitadas / Número planillas ingresadas | K15: 7 | L15: 7 | M15: 7 | N15: 7
B16: Actividades | C16: Cronograma | O16: Valor Asignado | P16: I Reforma | Q16: II Reforma | R16: III Reforma | S16: IV Reforma | T16: V Reforma | U16: VI Reforma | V16: VII Reforma | W16: VIII Reforma | X16: Total | Y16: Partida Presupuestaria
C17: E | D17: F | E17: M | F17: A | G17: M | H17: J | I17: J | J17: A | K17: S | L17: O | M17: N | N17: D | Y17: Código | Z17: Denominación
A18: 1 | B18: Elaboración de TDRS y condiciones particulares para la contratación de obras | X18: =SUM(O18:W18) -> 0
A19: 2 | B19: Elaboración de TDRS y condiciones particulares para la contratación de fiscalización de obras | X19: =SUM(O19:W19) -> 0
A20: 3 | B20: Elaboración de informes técnicos | X20: =SUM(O20:W20) -> 0
A21: 4 | B21: Elaboración de presupuestos referenciales para la contratación de la fiscalización de obras | X21: =SUM(O21:W21) -> 0
A22: 5 | B22: Formar parte de la comisiones técnicas para la calificación y evaluación de ofertas | X22: =SUM(O22:W22) -> 0
A23: 6 | B23: Elaboración de informes relacionados a la revisión de estudios y/o proyectos | X23: =SUM(O23:W23) -> 0
A24: 7 | B24: Realización de inspecciones | X24: =SUM(O24:W24) -> 0
A25: 8 | B25: Elaboración y/o revisión de presupuestos de obra | X25: =SUM(O25:W25) -> 0
A26: 9 | B26: Fiscalización de proyectos que se ejecutan a través de convenios de cogestión - elaboración de toda la documentación de soporte | X26: =SUM(O26:W26) -> 0
A27: 10 | B27: Control de la ejecución de obra, de acuerdo a los diseños definitivos | X27: =SUM(O27:W27) -> 0
A28: 11 | B28: Supervisión de actividades que desempeñan los técnicos del área de fiscalización | X28: =SUM(O28:W28) -> 0
A29: 12 | B29: Actividades varias | X29: =SUM(O29:W29) -> 0
B30: TOTAL DEL PROYECTO | O30: =SUM(O18:O29) -> 0 | P30: =SUM(P18:P29) -> 0 | Q30: =SUM(Q18:Q29) -> 0 | R30: =SUM(R18:R29) -> 0 | S30: =SUM(S18:S29) -> 0 | T30: =SUM(T18:T29) -> 0 | U30: =SUM(U18:U29) -> 0 | V30: =SUM(V18:V29) -> 0 | ... X30: =SUM(X18:X29) -> 0

Sheet Resumen 
A6: RESUMEN POA 2.025 DE LA DIRECCIÓN DE GESTIÓN DE OBRAS PÚBLICAS
A7: Nº | B7: Proyecto | C7: Valor Asignado | D7: I Reforma | E7: II Reforma | F7: III Reforma | G7: IV Reforma | H7: V Reforma | I7: VI Reforma | J7: VII Reforma | K7: VIII Reforma | L7: Total | M7: Valor a contratar | N7: Otros Valores
A8: 1 | B8: Gestión de los libres aprovechamientos del GAD Provincial | C8: =Minas!O36 -> 23000 | D8: =Minas!P36 -> 0 | E8: =Minas!Q36 -> 42375 | F8: =Minas!R36 -> 0 | G8: =Minas!S36 -> 0 | H8: =Minas!T36 -> 0 | I8: =Minas!U36 -> 0 | J8: =Minas!V36 -> -4056.43 | K8: =Minas!W36 -> 0 | L8: =SUM(C8:K8) -> 61318.57
A9: 2 | B9: Construcción de estructuras menores / Presupuesto participativo en la provincia de Santo Domingo de los Tsáchilas | C9: ='P partic'!O87 -> 2395362.7 | D9: ='P partic'!P87 -> 41035 | E9: ='P partic'!Q87 -> -45000 | F9: ='P partic'!R87 -> 0 | G9: ='P partic'!S87 -> 0 | H9: ='P partic'!T87 -> 0 | I9: ='P partic'!U87 -> 0 | J9: ='P partic'!V87 -> 0 | K9: ='P partic'!W87 -> -1107092.1 | L9: =SUM(C9:K9) -> 1284305.6
A10: 3 | B10: Construcción de estructuras metálicas / Presupuesto participativo en la provincia de Santo Domingo de los Tsáchilas | C10: ='P metálicos - p partic'!O22 -> 30000 | D10: ='P metálicos - p partic'!P22 -> 0 | E10: ='P metálicos - p partic'!Q22 -> 40000 | F10: ='P metálicos - p partic'!R22 -> 0 | G10: ='P metálicos - p partic'!S22 -> 0 | H10: ='P metálicos - p partic'!T22 -> 0 | I10: ='P metálicos - p partic'!U22 -> 0 | J10: ='P metálicos - p partic'!V22 -> 0 | K10: ='P metálicos - p partic'!W22 -> 0 | L10: =SUM(C10:K10) -> 70000
A11: 4 | B11: Mantenimiento Vías con material de afirmado (Bacheo con lastre) | C11: ='Bacheo '!O38 -> 25960 | D11: ='Bacheo '!P38 -> 10225 | E11: ='Bacheo '!Q38 -> 114125 | F11: ='Bacheo '!R38 -> 0 | G11: ='Bacheo '!S38 -> 0 | H11: ='Bacheo '!T38 -> 300000 | I11: ='Bacheo '!U38 -> 0 | J11: ='Bacheo '!V38 -> 0 | K11: ='Bacheo '!W38 -> 0 | L11: =SUM(C11:K11) -> 450310
A12: 5 | B12: Mantenimiento de vías en asfalto y doble tratamiento | C12: ='Mant Asfalt'!O21 -> 100000 | D12: ='Mant Asfalt'!P21 -> 0 | E12: ='Mant Asfalt'!Q21 -> 0 | F12: ='Mant Asfalt'!R21 -> 0 | G12: ='Mant Asfalt'!S21 -> 0 | H12: ='Mant Asfalt'!T21 -> 0 | I12: ='Mant Asfalt'!U21 -> 0 | J12: ='Mant Asfalt'!V21 -> 0 | K12: ='Mant Asfalt'!W21 -> 0 | L12: =SUM(C12:K12) -> 100000
A13: 6 | B13: Rectificación y mejoramiento del camino San Jacinto del Búa - 10 de agosto - Plan Piloto | C13: ='Const y Rehabil'!O22 -> 1840641.1 | D13: ='Const y Rehabil'!P22 -> 0 | E13: ='Const y Rehabil'!Q22 -> 0 | F13: ='Const y Rehabil'!R22 -> 0 | G13: ='Const y Rehabil'!S22 -> 0 | H13: ='Const y Rehabil'!T22 -> 1308084.7 | I13: ='Const y Rehabil'!U22 -> 0 | J13: ='Const y Rehabil'!V22 -> 0 | K13: ='Const y Rehabil'!W22 -> -1840641.1 | L13: =SUM(C13:K13) -> 1308084.7
A14: 7 | B14: Rehabilitación y Mejoramiento del la carretera Provincias Unidas - Comuna el Poste - La Y, 7,46 km de longitud | C14: ='Const y Rehabil'!O45 -> 643073.45 | D14: ='Const y Rehabil'!P45 -> 0 | E14: ='Const y Rehabil'!Q45 -> 0 | F14: ='Const y Rehabil'!R45 -> 0 | G14: ='Const y Rehabil'!S45 -> 0 | H14: ='Const y Rehabil'!T45 -> 0 | I14: ='Const y Rehabil'!U45 -> 0 | J14: ='Const y Rehabil'!V45 -> 0 | K14: ='Const y Rehabil'!W45 -> 0 | L14: =SUM(C14:K14) -> 643073.45
A15: 8 | B15: Rehabilitación y Mejoramiento de la vía Las Delicias - Copalito - Puerto Limón, con una longitud de 8,71 km Cantón Santo Domingo de la provincia Santo Domingo de los Tsáchilas | C15: ='Const y Rehabil'!O71 -> 4519709.2 | D15: ='Const y Rehabil'!P71 -> 0 | E15: ='Const y Rehabil'!Q71 -> 0 | F15: ='Const y Rehabil'!R71 -> 0 | G15: ='Const y Rehabil'!S71 -> 0 | H15: ='Const y Rehabil'!T71 -> 0 | I15: ='Const y Rehabil'!U71 -> 0 | J15: ='Const y Rehabil'!V71 -> 0 | K15: ='Const y Rehabil'!W71 -> -2571934 | L15: =SUM(C15:K15) -> 1947775.2
A16: 9 | B16: Rehabilitación de vías rurales de la provincia financiado con FINGAD I-II-III con enfoque al cambio climático. | C16: ='Const y Rehabil'!O94 -> 1297964.2 | D16: ='Const y Rehabil'!P94 -> 0 | E16: ='Const y Rehabil'!Q94 -> 0 | F16: ='Const y Rehabil'!R94 -> 0 | G16: ='Const y Rehabil'!S94 -> 0 | H16: ='Const y Rehabil'!T94 -> 0 | I16: ='Const y Rehabil'!U94 -> 0 | J16: ='Const y Rehabil'!V94 -> 0 | K16: ='Const y Rehabil'!W94 -> -1297964.2 | L16: =SUM(C16:K16) -> 0
A17: 10 | B17: Rehabilitación y mejoramiento a nivel de carpeta de hormigón asfáltico y ciclovía de la carretera Río Verde - San Gabriel del Baba - Julio Moreno- sector La Pirámide de 14.99 km de longuitud | C17: ='Const y Rehabil'!O130 -> 5180 | D17: ='Const y Rehabil'!P130 -> 3837 | E17: ='Const y Rehabil'!Q130 -> 0 | F17: ='Const y Rehabil'!R130 -> 0 | G17: ='Const y Rehabil'!S130 -> 0 | H17: ='Const y Rehabil'!T130 -> 0 | I17: ='Const y Rehabil'!U130 -> 0 | J17: ='Const y Rehabil'!V130 -> 0 | K17: ='Const y Rehabil'!W130 -> 0 | L17: =SUM(C17:K17) -> 9017
A18: 11 | B18: ='Const y Rehabil'!B149 -> Rehabilitación y mejoramiento de la vía Flor del Valle - Tarabita, mediante aplicación de tecnología de mezclas asfálticas modificadas, utilizando material reciclado con enfoque al cambio climático. | C18: ='Const y Rehabil'!O161 -> 583860 | D18: ='Const y Rehabil'!P161 -> -105097 | E18: ='Const y Rehabil'!Q161 -> -233939.66 | F18: ='Const y Rehabil'!R161 -> 0 | G18: ='Const y Rehabil'!S161 -> 0 | H18: ='Const y Rehabil'!T161 -> 65000 | I18: ='Const y Rehabil'!U161 -> 0 | J18: ='Const y Rehabil'!V161 -> 0 | K18: ='Const y Rehabil'!W161 -> 0 | L18: =SUM(C18:K18) -> 309823.34
A19: 12 | B19: ='Const y Rehabil'!B181 -> Rehabilitación y Mejoramiento del camino Alluriquín - La Florida, ubicado en el cantón Santo Domingo, provincia de Santo Domingo de los Tsáchilas | C19: ='Const y Rehabil'!O192 -> 0 | D19: ='Const y Rehabil'!P192 -> 0 | E19: ='Const y Rehabil'!Q192 -> 3437849.4 | F19: ='Const y Rehabil'!R192 -> 0 | G19: ='Const y Rehabil'!S192 -> 0 | H19: ='Const y Rehabil'!T192 -> 0 | I19: ='Const y Rehabil'!U192 -> 0 | J19: ='Const y Rehabil'!V192 -> 0 | K19: ='Const y Rehabil'!W192 -> -1960582 | L19: =SUM(C19:K19) -> 1477267.4
A20: 13 | B20: Adquisición de maquinaria para mantenimiento de vías del sector rural de la provincia | C20: =Maquinaria!O21 -> 550000 | D20: =Maquinaria!P21 -> 0 | E20: =Maquinaria!Q21 -> 0 | F20: =Maquinaria!R21 -> 0 | G20: =Maquinaria!S21 -> 725210 | H20: =Maquinaria!T21 -> 0 | I20: =Maquinaria!U21 -> 0 | J20: =Maquinaria!V21 -> 0 | K20: =Maquinaria!W21 -> 0 | L20: =SUM(C20:K20) -> 1275210
A21: 14 | B21: Dragado y limpieza de ríos para prevención de inundaciones en la provincia | C21: ='Dragado '!O28 -> 0 | D21: ='Dragado '!P28 -> 0 | E21: ='Dragado '!Q28 -> 36375 | F21: ='Dragado '!R28 -> 0 | G21: ='Dragado '!S28 -> 0 | H21: ='Dragado '!T28 -> 0 | I21: ='Dragado '!U28 -> 0 | J21: ='Dragado '!V28 -> 0 | K21: ='Dragado '!W28 -> 0 | L21: =SUM(C21:K21) -> 36375
A22: 15 | B22: Elaboración de estudios y diseños viales y de proyectos de infraestructura vial, estratégicos y APP | C22: ='Proy Estr'!O36 -> 110000 | D22: ='Proy Estr'!P36 -> 0 | E22: ='Proy Estr'!Q36 -> 0 | F22: ='Proy Estr'!R36 -> 0 | G22: ='Proy Estr'!S36 -> 0 | H22: ='Proy Estr'!T36 -> 0 | I22: ='Proy Estr'!U36 -> 0 | J22: ='Proy Estr'!V36 -> 0 | K22: ='Proy Estr'!W36 -> 0 | L22: =SUM(C22:K22) -> 110000
A23: 16 | B23: Construcción de puentes con fondos de la Embajada de Japón | C23: ='Emb. Japón'!O21 -> 6000 | D23: ='Emb. Japón'!P21 -> 0 | E23: ='Emb. Japón'!Q21 -> -2000 | F23: ='Emb. Japón'!R21 -> 0 | G23: ='Emb. Japón'!S21 -> 0 | H23: ='Emb. Japón'!T21 -> 0 | I23: ='Emb. Japón'!U21 -> 0 | J23: ='Emb. Japón'!V21 -> 0 | K23: ='Emb. Japón'!W21 -> 0 | L23: =SUM(C23:K23) -> 4000
A24: 17 | B24: ='Jefa Fisca'!B11 -> Fiscalización de proyectos que se ejecutan en el GADPSDT | C24: ='Jefa Fisca'!O30 -> 0 | D24: ='Jefa Fisca'!P30 -> 0 | E24: ='Jefa Fisca'!Q30 -> 0 | F24: ='Jefa Fisca'!R30 -> 0 | G24: ='Jefa Fisca'!S30 -> 0 | H24: ='Jefa Fisca'!T30 -> 0 | I24: ='Jefa Fisca'!U30 -> 0 | J24: ='Jefa Fisca'!V30 -> 0 | K24: ='Jefa Fisca'!W30 -> 0 | L24: =SUM(C24:K24) -> 0
B25: TOTAL | C25: =SUM(C8:C24) -> 12130751 | D25: =SUM(D8:D24) -> -50000 | E25: =SUM(E8:E24) -> 3389784.7 | F25: =SUM(F8:F24) -> 0 | G25: =SUM(G8:G24) -> 725210 | H25: =SUM(H8:H24) -> 1673084.7 | I25: =SUM(I8:I24) -> 0 | J25: =SUM(J8:J24) -> -4056.43 | ... L25: =SUM(L8:L24) -> 9086560.2 | M25: =SUM(M8:M21) -> 0 | N25: =SUM(N8:N21) -> 0

Sheet Resumen
A6: RESUMEN POA 2.024 DE LA DIRECCIÓN DE GESTIÓN DE OBRAS PÚBLICAS
A7: Nº | B7: PROYECTO | C7: VALOR ASIGNADO | D7: I REFORMA | E7: II REFORMA | F7: III REFORMA | G7: IV REFORMA | H7: V REFORMA | I7: TOTAL | J7: Valor a contratar | K7: Otros Valores
A8: 1 | B8: =Minas!B10 -> Gestión de los libres aprovechamientos del GAD Provincial | C8: =Minas!O38 -> 0 | D8: =Minas!Y38 -> 0 | E8: =Minas!Z38 -> 0 | F8: =Minas!AA38 -> 0 | G8: =Minas!AB38 -> 0 | H8: =Minas!AC38 -> 0 | I8: =Minas!AD38 -> 0
A9: 2 | B9: =#REF! -> #REF! | C9: =#REF! -> #REF! | D9: =#REF! -> #REF! | E9: =#REF! -> #REF! | F9: =#REF! -> #REF! | G9: =#REF! -> #REF! | H9: =#REF! -> #REF! | I9: =#REF! -> #REF!
A10: 3 | B10: ='Contingencia '!B10 -> Construcción de estructuras menores para sectores rurales por contingencia climática | C10: ='Contingencia '!O24 -> 68000 | D10: ='Contingencia '!P24 -> 0 | E10: ='Contingencia '!Q24 -> 208000 | F10: ='Contingencia '!R24 -> 0 | G10: ='Contingencia '!S24 -> 0 | H10: ='Contingencia '!T24 -> 2777 | I10: ='Contingencia '!U24 -> 278777
A11: 4 | B11: ='Bacheo '!B10 -> Mejorar la vialidad rural de la provincia | C11: ='Bacheo '!O39 -> 0 | D11: ='Bacheo '!Y39 -> 0 | E11: ='Bacheo '!Z39 -> 0 | F11: ='Bacheo '!AA39 -> 0 | G11: ='Bacheo '!AB39 -> 0 | H11: ='Bacheo '!AC39 -> 0 | I11: ='Bacheo '!AD39 -> 0
A12: 5 | B12: ='Mant Asfalt'!B11 -> Mejorar la vialidad rural de la provincia | C12: ='Mant Asfalt'!O22 -> 0 | D12: ='Mant Asfalt'!Y22 -> 0 | E12: ='Mant Asfalt'!Z22 -> 0 | F12: ='Mant Asfalt'!AA22 -> 0 | G12: ='Mant Asfalt'!AB22 -> 0 | H12: ='Mant Asfalt'!AC22 -> 0 | I12: ='Mant Asfalt'!AD22 -> 0
A13: 6 | B13: ='Const y Rehabil'!B11 -> Rectificación y mejoramiento del camino San Jacinto del Búa - 10 de agosto - Plan Piloto | C13: ='Const y Rehabil'!O22 -> 1840641.1 | D13: ='Const y Rehabil'!#REF! -> #REF! | E13: ='Const y Rehabil'!#REF! -> #REF! | F13: ='Const y Rehabil'!#REF! -> #REF! | G13: ='Const y Rehabil'!#REF! -> #REF! | H13: ='Const y Rehabil'!#REF! -> #REF! | I13: ='Const y Rehabil'!#REF! -> #REF!
A14: 7 | B14: ='Const y Rehabil'!#REF! -> #REF! | C14: ='Const y Rehabil'!#REF! -> #REF! | D14: ='Const y Rehabil'!#REF! -> #REF! | E14: ='Const y Rehabil'!#REF! -> #REF! | F14: ='Const y Rehabil'!#REF! -> #REF! | G14: ='Const y Rehabil'!#REF! -> #REF! | H14: ='Const y Rehabil'!#REF! -> #REF! | I14: ='Const y Rehabil'!#REF! -> #REF!
A15: 8 | B15: ='Const y Rehabil'!#REF! -> #REF! | C15: ='Const y Rehabil'!#REF! -> #REF! | D15: ='Const y Rehabil'!#REF! -> #REF! | E15: ='Const y Rehabil'!#REF! -> #REF! | F15: ='Const y Rehabil'!#REF! -> #REF! | G15: ='Const y Rehabil'!#REF! -> #REF! | H15: ='Const y Rehabil'!#REF! -> #REF! | I15: ='Const y Rehabil'!#REF! -> #REF!
A16: 9 | B16: ='Const y Rehabil'!#REF! -> #REF! | C16: ='Const y Rehabil'!#REF! -> #REF! | D16: ='Const y Rehabil'!#REF! -> #REF! | E16: ='Const y Rehabil'!#REF! -> #REF! | F16: ='Const y Rehabil'!#REF! -> #REF! | G16: ='Const y Rehabil'!#REF! -> #REF! | H16: ='Const y Rehabil'!#REF! -> #REF! | I16: ='Const y Rehabil'!#REF! -> #REF!
A17: 10 | B17: ='Const y Rehabil'!#REF! -> #REF! | C17: ='Const y Rehabil'!#REF! -> #REF! | D17: ='Const y Rehabil'!#REF! -> #REF! | E17: ='Const y Rehabil'!#REF! -> #REF! | F17: ='Const y Rehabil'!#REF! -> #REF! | G17: ='Const y Rehabil'!#REF! -> #REF! | H17: ='Const y Rehabil'!#REF! -> #REF! | I17: ='Const y Rehabil'!#REF! -> #REF!
A18: 11 | B18: ='Const y Rehabil'!#REF! -> #REF! | C18: ='Const y Rehabil'!#REF! -> #REF! | D18: ='Const y Rehabil'!#REF! -> #REF! | E18: ='Const y Rehabil'!#REF! -> #REF! | F18: ='Const y Rehabil'!#REF! -> #REF! | G18: ='Const y Rehabil'!#REF! -> #REF! | H18: ='Const y Rehabil'!#REF! -> #REF! | I18: ='Const y Rehabil'!#REF! -> #REF!
A19: 12 | B19: ='Const y Rehabil'!B86 -> Rehabilitación de vías rurales de la provincia financiado con FINGAD I-II-III con enfoque al cambio climático. | C19: ='Const y Rehabil'!O94 -> 1297964.2 | D19: ='Const y Rehabil'!#REF! -> #REF! | E19: ='Const y Rehabil'!#REF! -> #REF! | F19: ='Const y Rehabil'!#REF! -> #REF! | G19: ='Const y Rehabil'!#REF! -> #REF! | H19: ='Const y Rehabil'!#REF! -> #REF! | I19: ='Const y Rehabil'!#REF! -> #REF!
A20: 13 | B20: =Puentes!B12 -> Construcción del puente biprovincial sobre el río San Pablo, ubicado entre los límites provinciales de Santo Domingo de los Tsáchilas y Cotopaxi | C20: =Puentes!O22 -> 260000 | D20: =Puentes!P22 -> 0 | E20: =Puentes!Q22 -> -180000 | F20: =Puentes!R22 -> 25000 | G20: =Puentes!S22 -> 0 | H20: =Puentes!T22 -> 0 | I20: =Puentes!U22 -> 105000
A21: 14 | B21: ='Emb. Japón '!B12 -> "Construcción del puente de hormigón armado sobre el estero Damas Grande en el Sector San Miguel del Toachi" | C21: ='Emb. Japón '!O22 -> 5000 | D21: ='Emb. Japón '!P22 -> 0 | E21: ='Emb. Japón '!Q22 -> 75018 | F21: ='Emb. Japón '!R22 -> 0 | G21: ='Emb. Japón '!S22 -> 0 | H21: ='Emb. Japón '!T22 -> 0 | I21: ='Emb. Japón '!U22 -> 80018
A22: 15 | B22: =Maquina!B12 -> Adquisición de equipo caminero para el GAD Provincial de Santo Domingo de los Tsáchilas | C22: =Maquina!O21 -> 261330.4 | D22: =Maquina!P21 -> 0 | E22: =Maquina!Q21 -> 0 | F22: =Maquina!R21 -> 0 | G22: =Maquina!S21 -> 0 | H22: =Maquina!T21 -> 0 | I22: =Maquina!U21 -> 261330.4
A23: 16 | B23: =Maquina!B41 -> Adquisición de maquinaria para mantenimiento de vías del sector rural de la provincia | C23: =Maquina!O50 -> 484175 | D23: =Maquina!P50 -> 0 | E23: =Maquina!Q50 -> -234175 | F23: =Maquina!R50 -> 0 | G23: =Maquina!S50 -> 0 | H23: =Maquina!T50 -> 0 | I23: =Maquina!U50 -> 250000
A24: 17 | B24: ='Dragado '!B9 -> Dragado y limpieza de ríos para prevención de inundaciones en la provincia | C24: ='Dragado '!O28 -> 0 | D24: ='Dragado '!#REF! -> #REF! | E24: ='Dragado '!#REF! -> #REF! | F24: ='Dragado '!#REF! -> #REF! | G24: ='Dragado '!#REF! -> #REF! | H24: ='Dragado '!#REF! -> #REF! | I24: ='Dragado '!#REF! -> #REF!
A25: 18 | B25: ='Proy Estr'!B10 -> Elaboración de estudios y diseños viales y de proyectos de infraestructura vial, estratégicos y APP | C25: ='Proy Estr'!O39 -> 0 | D25: ='Proy Estr'!Y39 -> 0 | E25: ='Proy Estr'!Z39 -> 0 | F25: ='Proy Estr'!AA39 -> 0 | G25: ='Proy Estr'!AB39 -> 0 | H25: ='Proy Estr'!AC39 -> 0 | I25: ='Proy Estr'!AD39 -> 0
A26: 19 | B26: =#REF! -> #REF! | C26: =#REF! -> #REF! | D26: =#REF! -> #REF! | E26: =#REF! -> #REF! | F26: =#REF! -> #REF! | G26: =#REF! -> #REF! | H26: =#REF! -> #REF! | I26: =#REF! -> #REF!
A27: 20 | B27: ='Const y Rehabil'!B121 -> Rehabilitación y mejoramiento a nivel de carpeta de hormigón asfáltico y ciclovía de la carretera Río Verde - San Gabriel del Baba - Julio Moreno- sector La Pirámide de 14.99 km de longitud | C27: ='Const y Rehabil'!O130 -> 5180 | D27: ='Const y Rehabil'!#REF! -> #REF! | E27: ='Const y Rehabil'!#REF! -> #REF! | F27: ='Const y Rehabil'!#REF! -> #REF! | G27: ='Const y Rehabil'!#REF! -> #REF! | H27: ='Const y Rehabil'!#REF! -> #REF! | I27: ='Const y Rehabil'!#REF! -> #REF! | J27: ='Const y Rehabil'!Y130 -> 0 | K27: ='Const y Rehabil'!Z130 -> 0
B28: TOTAL | C28: =SUM(C8:C27) -> #REF! | D28: =SUM(D8:D27) -> #REF! | E28: =SUM(E8:E27) -> #REF! | F28: =SUM(F8:F27) -> #REF! | G28: =SUM(G8:G27) -> #REF! | H28: =SUM(H8:H27) -> #REF! | I28: =SUM(I8:I27) -> #REF! | J28: =SUM(J8:J24) -> 0 | K28: =SUM(K8:K24) -> 0
